 Dungeon Crawl Stone Soup version 0.31-a0-854-g362426d (webtiles) character file.

Game seed: 10083975626312883831

16759514 cnlflgl the Heavyweight Champion (level 27, 255/255 HPs)
             Began as a Troll Gladiator on Oct 7, 2023.
             Was a Favourite Plaything of Xom.
             Escaped with the Orb
             ... and 15 runes on Oct 8, 2023!
             The game lasted 10:51:53 (93409 turns).

cnlflgl the Heavyweight Champion (Troll Gladiator) Turns: 93409, Time: 10:51:53

Health: 255/255    AC: 46    Str: 42    XL:     27
Magic:  44/44      EV: 15    Int: 15    God:    Xom [.....*]
Gold:   12660      SH: 33    Dex: 16    Spells: 43/62 levels left

rFire   + +          +
                       - Unarmed
rCold   + + +        Z - +8 tower shield {AC+3}
rNeg    + + +        h - +9 scales of the Dragon King {rPois rF+ rC+ Will+}
rPois   ∞            s - -2 hat of the Alchemist {rElec rPois rF+ rC+ rN+ Will+ rMut rCorr}
rElec   +            b - scarf {repulsion}
rCorr   +            (gloves unavailable)
SInv    +            (boots unavailable)
Will    +++++        U - amulet "Baschul" {rF+ Will+ Regen+} Stlth
                     f - ring of Kuinon {rN+ Will+ AC+4 Str+3 SInv}
HPRegen 2.22/turn    E - ring "Taegesun" {Fly Will- AC+4 Int+9 Slay+3}
MPRegen 0.29/turn

%: repel missiles, resist mutation
@: death-form, flying, studying 8 skills
A: vile attack, torment immunity, no potions, reduced hp, large, unfitting
armour, claws 3, regeneration 1, shaggy fur 1, tough skin 1, iridescent scales
1, thin skeletal structure 1, agile 1, strong 1
0: Orb of Zot
}: 15/15 runes: barnacled, slimy, silver, golden, iron, obsidian, icy, bone,
abyssal, demonic, glowing, magical, fiery, dark, gossamer
a: Siphon Essence, Begin Untransformation, Renounce Religion


You escaped.
You worshipped Xom.
You were Xom's teddy bear.
You were an undying horror.
You visited 18 branches of the dungeon, and saw 87 of its levels.
You visited Pandemonium 2 times, and saw 28 of its levels.
You visited the Abyss 4 times.
You visited 1 ziggurat, and saw 17 of its levels.
You also visited: Gauntlet, Ice Cave and Desolation.

You collected 20563 gold pieces.
You spent 7903 gold pieces at shops.

Inventory:

Hand Weapons
 j - the +8 autumn katana {manifold assault}
   (You found it on level 3 of the Tomb of the Ancients)
 p - the +7 hand cannon "Mule" {flame, backblast, rF+}
   (You found it on level 3 of the Tomb of the Ancients)

   rF+:       It protects you from fire.
 F - the +8 trishula "Condemnation" {holy, anguish, *Noise Fly rN+}
   (You found it on level 7 of the Iron City of Dis)

   rN+:       It protects you from negative energy.
   Fly:       It grants you flight.
   *Noise:    It may make a loud noise when swung.
Missiles
 c - 7 throwing nets
 d - 139 large rocks (quivered)
 C - 25 javelins
 M - 12 curare-tipped darts
 V - 7 silver javelins
Armour
 b - a scarf of repulsion (worn)
 h - the +9 scales of the Dragon King (worn) {rPois rF+ rC+ Will+}
   (You bought it in a shop on level 1 of the Depths)

   rF+:       It protects you from fire.
   rC+:       It protects you from cold.
   rPois:     It protects you from poison Will+: It increases your willpower.
 s - the -2 hat of the Alchemist (worn) {rElec rPois rF+ rC+ rN+ Will+ rMut rCorr}
   (You bought it in a shop on level 1 of the Dungeon)

   rF+:       It protects you from fire.
   rC+:       It protects you from cold.
   rElec:     It insulates you from electricity.
   rPois:     It protects you from poison rN+: It protects you from negative
   energy.
   Will+:     It increases your willpower.
   rCorr:     It protects you from acid and corrosion.
   rMut:      It protects you from mutation.
 Z - a +8 tower shield of protection (worn)
Jewellery
 f - the ring of Kuinon (left claw) {rN+ Will+ AC+4 Str+3 SInv}
   (You found it in Pandemonium)

   [ring of protection]

   AC+4:      It affects your AC (+4).
   Str+3:     It affects your strength (+3).
   rN+:       It protects you from negative energy.
   Will+:     It increases your willpower.
   SInv:      It lets you see invisible.
 r - the ring of Yblerear {rPois rF+++ Will+ Str+6 Slay-5}
   (You found it on level 7 of Gehenna)

   [ring of strength]

   Str+6:     It affects your strength (+6).
   Slay-5:    It affects your accuracy & damage with ranged weapons and melee
   (-5).
   rF+++:     It renders you almost immune to fire.
   rPois:     It protects you from poison Will+: It increases your willpower.
 t - the amulet "Osubauw" {Reflect Fly rCorr SH+5}
   (You found it in the Desolation of Salt)

   [amulet of reflection]

   Reflect:   It reflects blocked missile attacks.
   Fly:       It grants you flight.
   rCorr:     It protects you from acid and corrosion.
   SH+5:      It affects your SH (+5).
 B - the ring "Xianued" {rC+ Str+6 Slay+3}
   (You found it on level 10 of a ziggurat)

   [ring of strength]

   Str+6:     It affects your strength (+6).
   Slay+3:    It affects your accuracy & damage with ranged weapons and melee
   (+3).
   rC+:       It protects you from cold.
 E - the ring "Taegesun" (right claw) {Fly Will- AC+4 Int+9 Slay+3}
   (Xom gifted it to you in Pandemonium)

   [ring of protection]

   AC+4:      It affects your AC (+4).
   Int+9:     It affects your intelligence (+9).
   Slay+3:    It affects your accuracy & damage with ranged weapons and melee
   (+3).
   Will-:     It decreases your willpower.
   Fly:       It grants you flight.
 R - the ring of Wonder {rF++ rN+ Str+6 SInv}
   (You found it in a Gauntlet)

   [ring of strength]

   Str+6:     It affects your strength (+6).
   rF++:      It greatly protects you from fire.
   rN+:       It protects you from negative energy.
   SInv:      It lets you see invisible.
 U - the amulet "Baschul" (around neck) {rF+ Will+ Regen+}
   (You found it in an ice cave)

   [amulet of regeneration]

   rF+:       It protects you from fire.
   Will+:     It increases your willpower.
   Regen+:    It increases your rate of health regeneration.
Talismans
 a - a granite talisman
 u - a dragon-blood talisman
 x - a talisman of death (active)
Wands
 o - a wand of charming (115)
 A - a wand of acid (65)
 I - a wand of roots (141)
 J - a wand of digging (34)
Scrolls
 e - 8 scrolls of fog
 g - 19 scrolls of poison
 i - 14 scrolls of immolation
 v - 12 scrolls of blinking
 w - 37 scrolls of teleportation
 D - 12 scrolls of fear
 H - 5 scrolls of revelation
 K - 9 scrolls of enchant armour
 L - 3 scrolls of summoning
 Y - 7 scrolls of silence
Potions
 k - 7 potions of magic
 l - 11 potions of mutation
 m - 11 potions of cancellation
 n - 14 potions of brilliance
 q - 23 potions of enlightenment
 z - 2 potions of lignification
 G - 6 potions of haste
 O - 13 potions of attraction
 P - 7 potions of might
 Q - 2 potions of curing
 S - 4 potions of invisibility
Miscellaneous
 y - a phial of floods
 N - a figurine of a ziggurat
 T - a phantom mirror
 W - a sack of spiders
 X - a lightning rod (4/4)


   Skills:
 * Level 26.3 Fighting
 * Level 22.0 Throwing
 * Level 22.4 Armour
 + Level 19.0 Dodging
 O Level 27 Shields
 O Level 27 Unarmed Combat
 + Level 18.3 Spellcasting
 + Level 19.8 Translocations
 - Level 3.0 Transmutations
 - Level 7.0 Air Magic
 - Level 3.0 Earth Magic
 + Level 6.1 Evocations
 - Level 21.0 Shapeshifting


You had 43 spell levels left.
You knew the following spells:

 Your Spells              Type           Power      Damage    Failure   Level
a - Vhi's Electric Charg  Tloc/Air       100%       N/A       1%          4
b - Manifold Assault      Tloc           65%        N/A       1%          4
c - Apportation           Tloc           100%       N/A       0%          1
d - Blink                 Tloc           100%       N/A       0%          2
e - Passage of Golubria   Tloc           65%        N/A       1%          4
f - Passwall              Tmut/Erth      18%        N/A       9%          2
g - Lesser Beckoning      Tloc           100%       N/A       0%          2

Your spell library contained the following spells:

 Spells                   Type           Power      Damage    Failure   Level
 Gell's Gravitas          Tloc           65%        N/A       0%          3
 Teleport Other           Tloc           65%        N/A       0%          3
 Momentum Strike          Conj/Tloc      86%        3d10      1%          2
 Volatile Blastmotes      Fire/Tloc      86%        2d17      1%          3
 Dispersal                Tloc           32%        N/A       1%          6
 Swiftness                Air            34%        N/A       3%          3
 Dimensional Bullseye     Hex/Tloc       21%        N/A       3%          4
 Iskenderun's Mystic Bla  Conj/Tloc      43%        2d10      3%          4
 Shock                    Conj/Air       96%        1d9       4%          1
 Sandblast                Erth           44%        2d11      5%          1
 Poisonous Vapours        Pois/Air       48%        N/A       7%          2
 Static Discharge         Conj/Air       48%        2-4/arc   7%          2
 Wereblood                Tmut           22%        N/A       9%          2
 Summon Forest            Summ/Tloc      21%        N/A       9%          5
 Sting                    Tmut/Pois      72%        1d6       10%         1
 Cigotuvi's Dreadful Rot  Necr/Pois/Air  40%        N/A       11%         2
 Airstrike                Air            17%        2d(3-19)  11%         4
 Foxfire                  Conj/Fire      52%        2x1d6     19%         1
 Freeze                   Ice            52%        1d6       19%         1
 Kiss of Death            Conj/Necr      52%        2d9       19%         1
 Magic Dart               Conj           52%        1d5       19%         1
 Necrotise                Necr           52%        1d6       19%         1
 Slow                     Hex            52%        N/A       19%         1
 Summon Small Mammal      Summ           52%        N/A       19%         1
 Mephitic Cloud           Conj/Pois/Air  20%        N/A       22%         3
 Call Imp                 Summ           26%        N/A       28%         2
 Ensorcelled Hibernation  Hex/Ice        26%        N/A       28%         2
 Jinxbite                 Hex            26%        N/A       28%         2
 Scorch                   Fire           26%        2d6       28%         2
 Searing Ray              Conj           26%        2d5       28%         2
 Sublimation of Blood     Necr           13%        N/A       28%         2
 Stone Arrow              Conj/Erth      36%        3d9       30%         3
 Disjunction              Tloc           32%        N/A       34%         8
 Ignite Poison            Fire/Tmut/Pois 16%        N/A       36%         3
 Summon Lightning Spire   Summ/Air       24%        N/A       41%         4
 Petrify                  Tmut/Erth      22%        N/A       47%         4
 Call Canine Familiar     Summ           13%        N/A       50%         3
 Confusing Touch          Hex            13%        N/A       50%         3
 Dazzling Flash           Conj/Hex       26%        N/A       50%         3
 Frozen Ramparts          Ice            26%        1d4       50%         3
 Inner Flame              Hex/Fire       13%        N/A       50%         3
 Ozocubu's Armour         Ice            13%        N/A       50%         3
 Sigil of Binding         Hex            13%        N/A       50%         3
 Summon Guardian Golem    Hex/Summ       13%        N/A       50%         3
 Tukima's Dance           Hex            13%        N/A       50%         3
 Vampiric Draining        Necr           13%        2d6       50%         3
 Animate Armour           Summ/Erth      36%        N/A       69%         4
 Brom's Barrelling Bould  Conj/Erth      18%        2d4       69%         4
 Leda's Liquefaction      Hex/Erth       9%         N/A       69%         4
 Arcjolt                  Conj/Air       12%        1d22      77%         5
 Silence                  Hex/Air        12%        N/A       77%         5
 Lee's Rapid Deconstruct  Erth           11%        3d8*      83%         5
 Anguish                  Hex/Necr       6%         N/A       88%         4
 Animate Dead             Necr           13%        N/A       88%         4
 Dispel Undead            Necr           13%        3d9       88%         4
 Flame Wave               Conj/Fire      13%        2d6       88%         4
 Fulminant Prism          Conj/Hex       6%         3d7       88%         4
 Olgreb's Toxic Radiance  Pois           13%        N/A       88%         4
 Sticky Flame             Conj/Fire      13%        2d4       88%         4
 Summon Ice Beast         Ice/Summ       13%        N/A       88%         4
 Freezing Cloud           Conj/Ice/Air   10%        6-21      89%         5
 Alistair's Intoxication  Tmut/Pois      12%        N/A       95%         5
 Borgnjor's Vile Clutch   Necr/Erth      9%         N/A       95%         5
 Irradiate                Conj/Tmut      9%         3d14      95%         5
 Yara's Violent Unravell  Hex/Tmut       9%         3d6       95%         5
 Malign Gateway           Summ/Tloc      21%        N/A       95%         7
 Agony                    Necr           13%        N/A       99%         5
 Fireball                 Conj/Fire      6%         3d5       99%         5
 Iskenderun's Battlesphe  Conj           13%        2d7       99%         5
 Metabolic Englaciation   Hex/Ice        6%         N/A       99%         5
 Summon Mana Viper        Hex/Summ       13%        N/A       99%         5
 Bombard                  Conj/Erth      9%         9d2       100%        6
 Conjure Ball Lightning   Conj/Air       12%        3x3d6     100%        6
 Death Channel            Necr           6%         N/A       100%        6
 Eringya's Noxious Bog    Tmut/Pois      9%         4d6       100%        6
 Plasma Beam              Fire/Air       12%        2x1d23    100%        6
 Simulacrum               Ice/Necr       6%         N/A       100%        6
 Starburst                Conj/Fire      6%         6d4       100%        6
 Summon Cactus Giant      Summ           6%         N/A       100%        6
 Haunt                    Necr/Summ      6%         N/A       100%        7
 Monstrous Menagerie      Summ           6%         N/A       100%        7
 Orb of Destruction       Conj           6%         9d6       100%        7
 Ozocubu's Refrigeration  Ice            6%         4d8       100%        7
 Spellforged Servitor     Conj/Summ      6%         N/A       100%        7
 Summon Hydra             Summ           6%         N/A       100%        7
 Discord                  Hex            6%         N/A       100%        8
 Ignition                 Fire           6%         3d4       100%        8
 Infestation              Necr           6%         N/A       100%        8
 Lehudib's Crystal Spear  Conj/Erth      9%         10d4      100%        8
 Maxwell's Capacitive Co  Air            17%        ∞         100%        8
 Summon Horrible Things   Summ           6%         N/A       100%        8
 Chain Lightning          Conj/Air       12%        3d16      100%        9
 Fire Storm               Conj/Fire      6%         8d2       100%        9
 Polar Vortex             Ice            6%         N/A       100%        9
 Shatter                  Erth           11%        3d12*     100%        9


Dungeon Overview and Level Annotations

Branches:
Dungeon (15/15)            Temple (1/1) D:6            Lair (5/5) D:8
 Shoals (4/4) Lair:3       Spider (4/4) Lair:3        Slime (5/5) Lair:4
    Orc (2/2) D:9             Elf (3/3) Orc:2        Vaults (5/5) D:13
  Crypt (3/3) Vaults:3       Tomb (3/3) Crypt:3      Depths (4/4) D:15
   Hell (visited)             Dis (7/7) Hell            Geh (7/7) Hell
    Coc (7/7) Hell            Tar (7/7) Hell            Zot (5/5) Depths:4
  IceCv (visited)         Desolation (visited)      Gauntlet (visited)

Altars:
Ashenzari
Cheibriados
Dithmenos
Elyvilon
Fedhas
Gozag
Hepliaklqana
Kikubaaqudgha
Makhleb
Nemelex Xobeh
Okawaru
Qazlal
Ru
Sif Muna
Trog
Uskayaw
Vehumet
Wu Jian
Xom
Yredelemnul
Zin
The Shining One
Jiyva

Shops:
D:1 [   D:9 *   D:10 ?   D:11 (   D:13 *(:(   D:14 !   Orc:2 *=*[   Elf:1 ?[[
Elf:2 [(   Elf:3 :   Shoals:1 *   Shoals:4 !   Vaults:5 =   Depths:1 [((?
Depths:2 ==:   Depths:3 (?*(

Portals:
Hell: Depths:1 Depths:2 Depths:3 Depths:4
Abyss: Depths:2 Depths:3 Depths:4
Pandemonium: Depths:2
Trove: D:15 (give hat of the Alchemist)

Annotations:
D:15 exclusion: downstairs
Depths:1 1 runed translucent door
Depths:3 8 runed translucent doors
Zot:2 2 transporters, Axujocy's ghost, master DsHu
Zot:5 2 transporters, foff's ghost, master DEFi


Innate Abilities, Weirdness & Mutations

You are an undying horror.
Your melee and unarmed attacks drain, slow and weaken victims.
You are immune to unholy pain and torment.
You cannot drink.
Your maximum health is decreased, since you lack skill for your form.
You are immune to poison.
You are too large for most types of armour.
You have claws for hands.
Your natural rate of healing is unusually fast.
You are covered in fur. (AC +1)
You have tough skin. (AC +1)
You are partially covered in iridescent scales. (AC +2)
You have a somewhat thin skeletal structure. (Dex +2, Stealth+)
You are agile. (Dex +4, Str/Int -1)
Your muscles are strong. (Str +4, Int/Dex -1)


Message History

The demonspawn warmonger is almost dead.
The demonspawn warmonger mumbles some strange prayers to its god against you.
Your magic feels more tainted.
You eviscerate the demonspawn warmonger!!!!
You kill the demonspawn warmonger!
You block the orange demon's attack.
You eviscerate the demonspawn warmonger!!!!
The demonspawn warmonger decays.
You drain the demonspawn warmonger!
The demonspawn warmonger is severely wounded.
You scratch the demonspawn warmonger.
The demonspawn warmonger decays.
You drain the demonspawn warmonger.
The demonspawn warmonger is severely wounded.
You block the orange demon's attack. You block the reaper's attack.
You closely miss the demonspawn warmonger.
The demonspawn warmonger is severely wounded.
You eviscerate the demonspawn warmonger!!!
You kill the demonspawn warmonger!
You block the orange demon's attack.
The reaper hits you from afar with a +2 scythe of distortion!
Space warps around you. You block the orange demon's attack.
The reaper hits you with a +2 scythe of distortion!
Space warps horribly around you!
Items here: ))) [[ †.
You closely miss the reaper. You eviscerate the reaper!!!
The reaper decays.
The reaper is almost dead.
You block the orange demon's attack.
You eviscerate the reaper!!!!
You kill the reaper!
The orange demon completely misses you. You block the orange demon's attack.
You eviscerate the orange demon!!!
You kill the orange demon!
There is a staircase leading out of the dungeon here.
You start resting.
HP restored.
You start waiting.
Your magic seems less tainted.
There is a staircase leading out of the dungeon here.
You have escaped!

#####.#.......#...#.......### #.#
......#..#######.#######....###.#
#######..# ##.......## #..#.##..#
#....###.........###....##.##
#....##...........##..#....#
#....#.............#..####.#
#...##.............##..###.#
##..#.#.............#.#..##.#
#..#.........z.........#..#.#
##..#.#.............#.#..##.#
##..##.............##..###.#
##..#.............#..##...#
##..##.......)...##...).###
#...###.........###.....# #...#
##.......## #..##.#
#...#######.#######..##.#
#........#...#.......##.#


There were no monsters in sight!

Vanquished Creatures
  Cerebov (Pan)
  Antaeus (Coc:7)
  Asmodeus (Geh:7)
  the Royal Jelly (Slime:5)
  Ereshkigal (Tar:7)
  Gloorx Vloq (Pan)
  Mnoleg (Pan)
  the Serpent of Hell (Coc:7)
  A seraph (Pan)
  Lom Lobon (Pan)
  7 dread liches
  10 orbs of fire
  10 ancient liches
  Dispater (Dis:7)
  Mara (Depths:1)
  Mennas (Vaults:3)
  3 juggernauts (Dis:7)
  33 royal mummies
  Margery (Depths:3)
  17 shard shrikes
  9 Killer Klowns
  4 curse toes
  Geryon (Hell)
  24 pandemonium lords
  30 caustic shrikes
  13 golden dragons
  5 profane servitors
  27 bone dragons
  17 doom hounds
  6 electric golems
  20 Tzitzimimeh
  19 hellephants
  10 iron giants
  26 Brimstone Fiends
  23 tentacled monstrosities
  A walking crystal tome (Depths:4)
  13 liches
  27 Hell Sentinels
  Jorgrun (D:13)
  2 spectral shard shrikes (Tar:5)
  Rupert (D:14)
  Zenata (Vaults:3)
  28 Orb Guardians (Zot:5)
  30 Ice Fiends
  6 deep elf master archers
  4 deep elf blademasters
  19 searing wretches
  22 tainted leviathans
  17 titans
  Polyphemus (Shoals:2)
  29 ancient champions
  18 sphinxes
  A walking divine tome (Depths:1)
  18 acid blobs
  46 Executioners
  7 death cobs
  An eldritch tentacle (Pan)
  9 quicksilver dragons
  2 krakens
  Agnes (Elf:1)
  The ghost of Dabriqe the Blocker, an adept GnFi of Gozag (Shoals:2)
  7 tengu reavers
  10 tentacled starspawn
  16 storm dragons
  17 draconian monks
  Roxanne (Elf:3)
  34 azure jellies
  A shadow dragon (shapeshifter) (Zig:11)
  14 rockslimes
  17 shadow dragons
  7 revenants
  Donald (Crypt:1)
  A frost giant (shapeshifter) (Zig:11)
  23 demonspawn warmongers
  A storm dragon (shapeshifter) (Zig:11)
  35 fire giants
  A fenstrider witch (Depths:2)
  2 nagarajas (Zig:5)
  24 frost giants
  20 narguns
  10 draconian knights
  7 deep elf sorcerers
  13 iron dragons
  18 vault wardens
  9 emperor scorpions
  3 imperial myrmidons (Desolation)
  Louise (Spider:4)
  10 draconian scorchers
  2 spectral caustic shrikes
  11 quicksilver elementals
  6 deep elf elementalists
  3 curse skulls
  A caustic shrike zombie (Depths:2)
  An angel (Pan)
  63 balrugs
  15 draconian shifters
  27 demonspawn blood saints (Pan)
  7 shard shrike simulacra
  35 cacodemons
  3 broodmothers
  13 ghost moths
  17 draconian annihilators
  2 ghouls (Crypt:2)
  15 quicksilver oozes
  2 spectral juggernauts
  27 very ugly things
  9 draconian stormcallers
  3 orc warlords
  26 demonspawn corrupters
  43 war gargoyles
  3 ophanim (Pan)
  29 ironbound preservers
  11 formless jellyfish
  4 spriggan defenders
  A quicksilver ooze (shapeshifter) (Zig:12)
  34 reapers
  A caustic shrike skeleton (Crypt:2)
  10 stone giants
  12 deep elf demonologists
  5 ironbound thunderhulks
  10 vampire knights
  18 green draconians
  18 wendigos
  23 elemental wellsprings
  16 putrid mouths
  26 black draconians
  21 demonspawn black suns
  18 red draconians
  12 deep elf annihilators
  17 yellow draconians
  24 white draconians
  A spark wasp (shapeshifter) (Vaults:5)
  A minotaur (Gauntlet)
  25 purple draconians
  A halazid warlock (Desolation)
  23 lorocyprocas
  9 dire elephants
  8 bennus
  24 eidola
  7 spark wasps
  27 iron golems
  3 crystal guardians (Desolation)
  4 merfolk javelineers
  36 blizzard demons
  20 fire dragons
  12 ettins
  18 mummy priests
  8 deep elf death magi
  29 green deaths
  2 fire dragons (shapeshifter)
  4 entropy weavers
  A spectral quicksilver dragon (Tar:5)
  An entropy weaver (shapeshifter) (Abyss:4)
  A ragged hierophant (Desolation)
  Josephine (Orc:2)
  2 fenstrider witch zombies
  12 rakshasas
  17 great orbs of eyes
  5 jiangshi
  5 spectral spriggans
  A quicksilver dragon skeleton (Depths:3)
  Erolcha (D:13)
  12 caustic shrike simulacra
  6 deep elf high priests
  6 spriggan air magi
  17 yaktaur captains
  7 peacekeepers
  12 hell beasts (Pan)
  6 servants of whispers (Desolation)
  12 merfolk impalers
  3 salamander tyrants
  35 vault guards
  9 hydras
  4 merfolk avatars
  17 ice dragons
  A spectral fenstrider witch (Tar:1)
  3 ogre magi
  8 juggernaut simulacra
  4 radroaches
  A spriggan skeleton (Hell)
  An anaconda (Zig:5)
  2 catoblepae
  7 stokers
  4 death knights
  2 satyrs (Shoals:4)
  33 dancing weapons
  14 ironbound frosthearts
  5 two-headed ogres
  3 alligator snapping turtles
  10 boulder beetles
  2 fenstrider witch skeletons
  8 deep troll earth magi
  80 death scarabs
  7 tengu warriors
  11 thrashing horrors
  A two-headed ogre (shapeshifter) (Vaults:2)
  9 merfolk aquamancers
  A spectral stone giant (Crypt:3)
  12 centaur warriors
  3 death yaks (Shoals:2)
  49 demonic crawlers
  7 deep troll shamans
  32 hell hogs
  3 spriggan berserkers
  6 vampire magi
  4 orc high priests
  2 spectral dire elephants
  A spectral naga (Tar:5)
  85 soul eaters
  The ghost of skewfiend the Zephyrmancer, a novice TeAE (D:9)
  15 hell knights
  4 skysharks
  A naga sharpshooter (Zig:5)
  A fire crab (shapeshifter) (Elf:3)
  184 sun demons
  The ghost of Dorkslayer the Chopper, a novice GrFi of Gozag (D:8)
  14 crystal echidnas
  14 deep elf knights
  An emperor scorpion zombie (Crypt:1)
  4 fire crabs (Zig:10)
  35 shadow wraiths
  7 wretched stars
  Sonja (Lair:3)
  10 pharaoh ants
  The ghost of lyrin the Basher, a novice MeWn of Fedhas (D:7)
  A sun moth (Spider:4)
  34 sixfirhies
  5 iron trolls
  A bunyip zombie (Hell)
  A titan skeleton (Pan)
  A spatial maelstrom (Abyss:4)
  3 spectral bunyips
  A storm dragon skeleton (D:15)
  76 deep trolls
  31 skeletal warriors
  An iron giant zombie (Crypt:2)
  4 quicksilver dragon simulacra (Coc:7)
  14 deep elf archers
  4 cherubim
  A death drake (shapeshifter) (Zig:14)
  A spectral iron dragon (Crypt:3)
  The ghost of Radamante the Covert, a novice OpSh (D:8)
  5 flayed ghosts
  11 sea snakes
  A golden dragon zombie (Zig:4)
  A spectral anaconda (Crypt:3)
  2 golden dragon skeletons (Depths:2)
  A sea snake (shapeshifter) (Depths:1)
  11 orb spiders
  A spectral hydra (Tar:1)
  A swamp dragon (Lair:5)
  A bunyip skeleton (Pan)
  9 spriggan simulacra
  2 kraken simulacra (Coc:7)
  9 wizards
  22 harpies
  7 glowing orange brains
  An obsidian statue (Zot:5)
  21 ironbound convokers
  A lindwurm (shapeshifter) (Depths:3)
  An orange crystal statue (Zot:5)
  34 phantasmal warriors
  2 tengu zombies
  15 necromancers
  A steelbarb worm (shapeshifter) (Vaults:5)
  27 deep elf zephyrmancers
  32 ugly things
  2 fenstrider witch simulacra
  A mana viper (shapeshifter) (Elf:2)
  7 lindwurms
  24 shadow demons
  2 wolf spiders (shapeshifter)
  A tengu skeleton (Depths:2)
  11 orc knights
  An anaconda skeleton (Tomb:2)
  22 deep elf pyromancers
  7 steelbarb worms
  10 orc sorcerers
  29 wolf spiders
  A will-o-the-wisp (Abyss:4)
  9 shining eyes
  8 fauns
  2 salamanders (shapeshifter)
  14 manticores
  An elephant (shapeshifter) (Elf:2)
  A frost giant skeleton (Zig:4)
  36 moths of wrath
  11 elephants
  A spectral alligator snapping turtle (Crypt:3)
  2 stone giant skeletons
  4 spectral ettins
  6 cyclopes
  6 worldbinders
  A toenail golem (Pan)
  A human skeleton (Vaults:4)
  5 spectral centaurs
  A water nymph (shapeshifter) (Abyss:4)
  9 water nymphs
  An apocalypse crab (Zig:11)
  5 centaur zombies
  4 guardian serpents
  7 rust devils
  104 smoke demons
  4 ice statues
  3 naga skeletons
  16 vault sentinels
  Joseph (Lair:1)
  4 gargoyles
  A shock serpent zombie (Crypt:2)
  A molten gargoyle (Desolation)
  4 eyes of devastation
  9 black mambas
  11 merfolk sirens
  A naga mage (Zig:5)
  32 orange demons
  A naga zombie (Tomb:2)
  A centaur skeleton (Pan)
  A storm dragon simulacrum (Coc:1)
  Jeremiah (D:9)
  18 cane toads
  11 torpor snails
  A dire elephant skeleton (Hell)
  6 titan simulacra
  45 tormentors
  11 efreet
  39 hellions
  4 rime drakes
  An alligator snapping turtle skeleton (Tomb:1)
  2 komodo dragons (shapeshifter)
  34 yaktaurs
  2 iron giant simulacra (Coc:7)
  6 komodo dragons
  An unseen horror (D:13)
  5 tengu conjurers (Depths:2)
  A minotaur zombie (Crypt:2)
  2 bunyip simulacra (Coc:1)
  44 guardian mummies
  14 freezing wraiths
  2 golden dragon simulacra
  A troll (shapeshifter) (Vaults:5)
  A wandering mushroom (Lair:2)
  5 anaconda simulacra
  4 spectral harpies
  7 ice devils
  4 ancient zymes
  9 trolls
  13 meliai
  11 red devils
  2 silent spectres
  3 polar bears
  A queen bee (Zot:4)
  A tengu simulacrum (Depths:3)
  A wind drake (shapeshifter) (Pan)
  37 hellwings
  8 hornets
  9 raiju
  A blink frog (shapeshifter) (Zig:14)
  17 wind drakes
  19 tarantellas
  42 merfolk
  2 ettin zombies
  4 tyrant leeches (Lair:5)
  2 tarantellas (shapeshifter)
  20 blink frogs
  2 hydra skeletons
  3 harpy skeletons
  15 dream sheep
  35 saltlings (Desolation)
  A raiju (shapeshifter) (Depths:1)
  A fire dragon zombie (Tomb:2)
  3 iron dragon simulacra
  2 spriggan zombies
  118 slime creatures
  31 jumping spiders
  14 snapping turtles
  32 flying skulls
  A black mamba zombie (Crypt:1)
  16 shadows
  2 vampires
  2 centaur simulacra
  14 wraiths
  7 dire elephant simulacra
  Sigmund (D:2)
  5 air elementals
  11 ushabtiu
  20 water elementals
  18 culicivoras
  A fire bat (Abyss:4)
  45 starcursed masses
  67 ynoxinuls
  8 basilisks
  4 fire elementals
  13 small abominations
  6 wyverns
  2 naga simulacra
  2 black mamba skeletons
  49 yaks
  2 yaks (shapeshifter)
  13 vampire mosquitoes
  An alligator snapping turtle simulacrum (Coc:1)
  49 redbacks
  23 golden eyes
  63 chaos spawn
  3 steam dragons
  49 neqoxecs
  4 wargs
  10 harpy simulacra
  6 acid dragons
  A demonspawn zombie (Crypt:1)
  A skyshark zombie (Crypt:3)
  4 hell hounds
  A naga (Zig:5)
  15 water moccasins
  100 large abominations
  A floating eye (Depths:4)
  A fire bat skeleton (Crypt:1)
  3 hydra simulacra
  A glowing shapeshifter skeleton (Depths:3)
  4 sky beasts
  2 ettin simulacra (Coc:7)
  A snapping turtle zombie (Crypt:2)
  22 orc warriors
  4 black bears
  6 ice beasts
  An elf simulacrum (Vaults:4)
  8 ogres
  4 great orb of eyes simulacra (IceCv)
  12 wolves
  7 centaurs
  A dream sheep skeleton (Crypt:2)
  A blink frog skeleton (Crypt:2)
  3 slime creature simulacra (IceCv)
  4 elf zombies (Elf:1)
  4 phantoms
  5 kobold brigands
  A draconian zombie (Crypt:2)
  2 gnoll sergeants
  16 bullfrogs
  2 glowing shapeshifter simulacra (IceCv)
  A yaktaur skeleton (Crypt:3)
  2 human simulacra
  A necrophage (Crypt:2)
  3 earth elementals
  A scorpion (D:3)
  7 wights
  The ghost of gorushi the Trooper, a weakling MiFi (D:4)
  A queen bee zombie (Crypt:3)
  18 killer bees
  A raiju skeleton (Crypt:1)
  2 electric eels
  A yak skeleton (Crypt:1)
  2 vampire bats (D:8)
  5 howler monkeys
  A crimson imp (Abyss:1)
  A human zombie (Crypt:3)
  2 quasits
  5 jellies
  20 orc priests
  6 hounds
  Crazy Yiuf (D:6)
  A gnoll bouda (D:7)
  4 iguanas
  3 iron imps
  A sleepcap (D:7)
  Natasha (thrice) (D:2)
  24 orc wizards
  4 shapeshifter simulacra (IceCv)
  8 hell rats
  A deep dwarf zombie (Crypt:1)
  A hound zombie (D:4)
  67 mummies
  13 gnolls
  8 adders
  A shadow imp (D:6)
  19 white imps
  2 ufetubi
  A worm zombie (Crypt:3)
  An adder zombie (D:4)
  A worm (D:5)
  88 orcs
  11 bats
  A bat skeleton (D:8)
  5 bat zombies (D:8)
  7 endoplasms
  2 giant cockroaches (D:2)
  10 goblins
  3 hobgoblins
  7 jackals
  5 quokkas
  5 ball pythons
  A ball python skeleton (Crypt:3)
  A frilled lizard (D:3)
  A goblin zombie (Crypt:1)
  A hobgoblin skeleton (Crypt:3)
  30 kobolds
  A quokka zombie (Crypt:3)
  4 rats
  8 creeping infernos
  7 fire vortices
  3 starspawn tentacles
  5 tentacles
5534 creatures vanquished.

Vanquished Creatures (collateral kills)
  An ancient lich (Zig:14)
  A shard shrike (Coc:7)
  A caustic shrike (Dis:6)
  A hellephant (Geh:7)
  A Hell Sentinel (Dis:6)
  An azure jelly (IceCv)
  A nargun (Coc:7)
  An angel (Pan)
  An ironbound preserver (Zig:14)
  A cacodemon (Pan)
  2 very ugly things (Depths:2)
  A deep elf demonologist (Zig:14)
  A merfolk javelineer (Shoals:4)
  4 merfolk impalers (Shoals:4)
  A deep elf high priest (Vaults:5)
  A deep troll shaman (Depths:3)
  A boulder beetle (D:12)
  An orc high priest (Orc:2)
  A deep elf knight (Elf:2)
  A skeletal warrior (D:12)
  A deep troll (Vaults:1)
  A glowing orange brain (shapeshifter) (Zig:14)
  A lindwurm (Vaults:2)
  A cherub (Pan)
  A sea snake (Shoals:4)
  A deep elf archer (Elf:2)
  2 ugly things (Depths:2)
  A deep elf pyromancer (Elf:2)
  A manticore (Shoals:4)
  An elephant (Lair:2)
  An orange demon (Pan)
  An efreet (Pan)
  A hellion (Dis:6)
  2 tormentors (Dis:6)
  3 merfolk
  A saltling (Desolation)
  A dream sheep (Lair:4)
  2 slime creatures (IceCv)
  A fire elemental (Elf:2)
  A vampire mosquito (D:12)
  An orc wizard (Orc:2)
50 creatures vanquished.

Vanquished Creatures (others)
  A shard shrike (Coc:6)
  A pandemonium lord (Pan)
  An Ice Fiend (Pan)
  A sphinx (Zig:14)
  2 eldritch tentacles
  A caustic shrike zombie (Depths:3)
  A demonspawn corrupter (Pan)
  A purple draconian (Zot:3)
  A lorocyproca (Pan)
  An ettin (Zig:14)
  2 yaktaur captains
  A caustic shrike simulacrum (Coc:2)
  A death scarab (Tomb:2)
  10 dancing weapons
  A deep troll earth mage (Zig:14)
  A deep elf knight (Zig:9)
  A shadow wraith (Crypt:3)
  A shadow demon (Pan)
  A quicksilver dragon simulacrum (Coc:6)
  A deep elf archer (Zig:17)
  A spriggan simulacrum (Coc:7)
  A deep elf pyromancer (Elf:1)
  A manticore (Zig:6)
  A moth of wrath (Zot:1)
  2 smoke demons (Pan)
  A titan simulacrum (Coc:7)
  A yaktaur (Vaults:2)
  A wind drake (Pan)
  A stone giant simulacrum (Coc:7)
  A slime creature (IceCv)
  2 water elementals (Zig:17)
  2 dire elephant simulacra
  2 ynoxinuls (Pan)
  A neqoxec (Pan)
  2 chaos spawn (Pan)
  A warg (Zig:7)
  3 harpy simulacra
  2 hydra simulacra
  An orc warrior (Orc:2)
  An ice dragon simulacrum (Hell)
  An electric eel (Spider:4)
  A starcursed mass (Abyss:4)
  3 hell rats (Hell)
  6 ball lightnings (Pan)
  6 foxfires (Abyss:4)
  2 lurking horrors
  29 starspawn tentacles
  15 tentacles
122 creatures vanquished.

Grand Total: 5706 creatures vanquished

Notes
Turn   | Place    | Note
-------+----------+-------------------------------------------
     0 | D:1      | cnlflgl the Troll Gladiator began the quest for the Orb.
     0 | D:1      | Reached XP level 1. HP: 19/19 MP: 0/0
   113 | D:1      | Reached XP level 2. HP: 27/27 MP: 1/1
   387 | D:1      | Found Icysahix's Antique Armour Emporium.
   599 | D:2      | Noticed Natasha
   606 | D:2      | Killed Natasha
   607 | D:2      | Reached XP level 3. HP: 26/35 MP: 2/2
   743 | D:2      | Noticed Natasha
   748 | D:2      | Killed Natasha
   749 | D:2      | Reached XP level 4. HP: 42/42 MP: 3/3
   840 | D:2      | Reached skill level 1 in Shapeshifting
  1035 | D:2      | Noticed Sigmund
  1041 | D:2      | Killed Sigmund
  1042 | D:2      | Reached skill level 5 in Unarmed Combat
  1042 | D:2      | Reached XP level 5. HP: 49/49 MP: 4/4
  1402 | D:2      | Noticed Natasha
  1410 | D:2      | Killed Natasha
  1411 | D:2      | Reached XP level 6. HP: 53/57 MP: 5/5
  1470 | D:3      | Found a faded altar of an unknown god.
  2079 | D:4      | Reached XP level 7. HP: 60/66 MP: 6/6
  2177 | D:4      | Identified the +5 falchion of Ignis's Displeasure {flame,
                  | rC+ rCorr Dex+4}
  2272 | D:4      | Found a burning altar of Makhleb.
  2272 | D:4      | Found a snail-covered altar of Cheibriados.
  2417 | D:4      | Found a runed translucent gate.
  2417 | D:4      | Found a runed translucent gate.
  2417 | D:4      | Found a runed translucent gate.
  2417 | D:4      | Noticed gorushi's ghost (weakling MiFi)
  2419 | D:4      | Found a basalt altar of Yredelemnul.
  2439 | D:4      | Killed gorushi's ghost
  2731 | D:5      | Entered Level 5 of the Dungeon
  2839 | D:5      | Gained mutation: You have large cloven feet. [potion of
                  | mutation]
  2839 | D:5      | Gained mutation: Your spells are a little easier to cast,
                  | but a little less powerful. [potion of mutation]
  2839 | D:5      | Gained mutation: You have a pair of small antennae on your
                  | head. [potion of mutation]
  2839 | D:5      | HP: 1/67 [poisoned by a water moccasin]
  2914 | D:5      | Reached XP level 8. HP: 75/75 MP: 7/7
  2951 | D:5      | Found a sparkling altar of Nemelex Xobeh.
  3407 | D:6      | Found a runed translucent door.
  3408 | D:6      | Noticed Crazy Yiuf
  3537 | D:6      | Found a glowing golden altar of the Shining One.
  3580 | D:6      | Reached XP level 9. HP: 66/81 MP: 8/8
  3977 | D:6      | Found a staircase to the Ecumenical Temple.
  3986 | Temple   | Entered the Ecumenical Temple
  4006 | Temple   | Became a worshipper of Xom of Ineffable Intent
  4465 | D:7      | XOM: silly message
  4516 | D:7      | XOM: divination: detect creatures
  4541 | D:7      | XOM: silly message
  4567 | D:7      | XOM is BORED!
  4567 | D:7      | XOM: noise
  4576 | D:7      | Reached skill level 5 in Shapeshifting
  4682 | D:7      | Found a shadowy altar of Dithmenos.
  4925 | D:7      | Found a runed translucent door.
  4925 | D:7      | Noticed a gargoyle
  4926 | D:7      | Noticed lyrin's ghost (novice MeWn)
  4965 | D:8      | Reached skill level 10 in Unarmed Combat
  5036 | D:8      | Noticed a polar bear
  5037 | D:8      | Noticed a rime drake
  5042 | D:8      | XOM: potion effect (attraction)
  5046 | D:8      | Killed a polar bear
  5049 | D:8      | Killed a rime drake
  5061 | D:8      | Reached skill level 5 in Fighting
  5061 | D:8      | Reached XP level 10. HP: 79/96 MP: 9/9
  5081 | D:8      | Found a staircase to the Lair.
  5121 | D:8      | XOM: silly message
  5206 | D:8      | XOM: divination: magic mapping
  5262 | D:8      | Found a glowing silver altar of Zin.
  5301 | D:8      | XOM: silly message
  5304 | D:8      | Found an ancient bone altar of Kikubaaqudgha.
  5454 | D:8      | XOM: silly message
  5609 | D:8      | Found a runed translucent gate.
  5610 | D:8      | Found a runed translucent gate.
  5610 | D:8      | Found a runed translucent gate.
  5611 | D:8      | Noticed Radamante's ghost (novice OpSh)
  5611 | D:8      | Noticed Dorkslayer's ghost (novice GrFi)
  5799 | D:9      | Reached skill level 5 in Dodging
  5872 | D:9      | XOM is BORED!
  5872 | D:9      | XOM: silly message
  5950 | D:9      | Noticed Jeremiah
  5954 | D:9      | XOM: divination: magic mapping
  5961 | D:9      | XOM: silly message
  5964 | D:9      | XOM: potion effect (heal wounds)
  5968 | D:9      | XOM: scenery: create altars
  5984 | D:9      | Killed Jeremiah
  6049 | D:9      | Found a staircase to the Orcish Mines.
  6068 | D:9      | XOM: blink monster(s)
  6076 | D:9      | Reached skill level 1 in Shields
  6160 | D:9      | XOM: confusion
  6168 | D:9      | XOM: blink monster(s)
  6197 | D:9      | Found a runed translucent gate.
  6197 | D:9      | Found a runed translucent gate.
  6197 | D:9      | Found a runed translucent gate.
  6197 | D:9      | Noticed a spectral centaur warrior
  6200 | D:9      | Noticed skewfiend's ghost (novice TeAE)
  6294 | D:9      | Found Fevaxiyg's Assorted Antiques.
  6304 | D:9      | Found a hazy altar of Hepliaklqana.
  6402 | D:9      | Found a flagged portal.
  6402 | D:9      | XOM: 8-stop teleportation journey
  6734 | D:10     | Entered Level 10 of the Dungeon
  6791 | D:10     | XOM is BORED!
  6791 | D:10     | XOM: 1-stop teleportation journey
  6890 | D:10     | Found Doina's Magic Scroll Boutique.
  6895 | D:10     | Bought a scroll of identify for 24 gold pieces
  6895 | D:10     | Bought a scroll of identify for 24 gold pieces
  6895 | D:10     | Bought a scroll of teleportation for 36 gold pieces
  6912 | D:10     | Bought a scroll of fog for 48 gold pieces
  6912 | D:10     | Bought a scroll of poison for 48 gold pieces
  6973 | D:10     | Noticed a four-headed hydra
  6973 | D:10     | XOM: confuse monster(s)
  7040 | D:10     | XOM: swap monsters
  7278 | D:10     | Noticed a boulder beetle
  7322 | D:10     | Killed a boulder beetle
  7323 | D:10     | Reached XP level 11. HP: 67/105 MP: 6/10
  7324 | D:10     | XOM: cast spell 'Metabolic Englaciation'
  7364 | D:10     | Got a disorganized book
  7444 | D:10     | XOM: smoke on damage
  7447 | D:10     | Killed a one-headed hydra
  7655 | Lair:1   | Entered Level 1 of the Lair of Beasts
  7655 | Lair:1   | Found a gate leading to a gauntlet.
  7669 | Gauntlet | Entered a Gauntlet
  7669 | Gauntlet | Found a transporter.
  7693 | Gauntlet | Found a transporter.
  7694 | Gauntlet | Found a transporter.
  7695 | Gauntlet | Found a transporter.
  7705 | Gauntlet | Found a transporter.
  7706 | Gauntlet | Found a transporter.
  7709 | Gauntlet | Noticed a blizzard demon
  7716 | Gauntlet | Found a transporter.
  7717 | Gauntlet | Found a transporter.
  7718 | Gauntlet | Found a transporter.
  7722 | Gauntlet | Found a runed translucent door.
  7722 | Gauntlet | Found a runed translucent door.
  7726 | Gauntlet | Found a transporter.
  7729 | Gauntlet | Found a transporter.
  7730 | Gauntlet | Found a transporter.
  7743 | Gauntlet | Noticed a balrug
  7746 | Gauntlet | Found a transporter.
  7775 | Gauntlet | Found a runed translucent door.
  7786 | Gauntlet | Found a transporter.
  7841 | Gauntlet | XOM: polymorph white imp -> iron imp
  7904 | Gauntlet | Identified the ring of Wonder {rF++ rN+ Str+6 SInv}
  7934 | Gauntlet | XOM: chaos cloud
  7936 | Gauntlet | Killed a blizzard demon
  7958 | Gauntlet | XOM: draining
  7965 | Gauntlet | Got a quavering book
  8021 | Gauntlet | XOM: summons 4 hostile demons
  8045 | Gauntlet | Identified the ring of Quvuadad {Dex+3 Slay+4}
  8062 | Gauntlet | Killed a balrug
  8097 | Gauntlet | Noticed a minotaur
  8102 | Gauntlet | XOM: chaos cloud
  8105 | Gauntlet | Killed a minotaur
  8271 | Lair:1   | Reached XP level 12. HP: 115/118 MP: 9/11
  8355 | Lair:1   | Noticed Joseph
  8368 | Lair:1   | Killed Joseph
  8423 | Lair:1   | Reached skill level 1 in Evocations
  8423 | Lair:1   | XOM: noise
  9038 | Lair:2   | XOM: cast spell 'Summon Hydra'
  9393 | Lair:2   | XOM: polymorph oklob plant -> wandering mushroom
  9429 | Lair:2   | XOM: confuse monster(s)
  9736 | Lair:3   | Identified the +4 glaive "Tuot" {antimagic, *Rage Int+6
                  | SInv}
  9790 | Lair:3   | XOM: summons 6 friendly demons
  9791 | Lair:3   | Found a staircase to the Shoals.
 10032 | Lair:3   | Found a hole to the Spider Nest.
 10036 | Lair:3   | Noticed Sonja
 10042 | Lair:3   | Killed Sonja
 10043 | Lair:3   | XOM: smoke on damage
 10052 | Lair:3   | Reached skill level 15 in Unarmed Combat
 10276 | Lair:3   | Noticed a seven-headed hydra
 10281 | Lair:3   | Killed a seven-headed hydra
 10381 | Lair:4   | Learned a level 4 spell: Vhi's Electric Charge
 10392 | Lair:4   | Reached XP level 13. HP: 123/128 MP: 12/12
 10395 | Lair:4   | XOM: fog
 10412 | Lair:4   | XOM: cast spell 'Monstrous Menagerie'
 10413 | Lair:4   | XOM: confusion (+ monsters)
 10415 | Lair:4   | XOM: swap monsters
 10417 | Lair:4   | XOM: confusion (+ monsters)
 10551 | Lair:4   | XOM: silly message
 10707 | Lair:4   | XOM: summons 5 friendly demons
 10717 | Lair:4   | XOM: blink monster(s)
 10720 | Lair:4   | XOM: polymorph iron imp -> quasit
 10758 | Lair:4   | XOM: give mutations
 10758 | Lair:4   | Lost mutation: You have large cloven feet. [Xom's grace]
 10758 | Lair:4   | Gained mutation: You have sharp toenails. [Xom's grace]
 10758 | Lair:4   | Gained mutation: You have hidden genetic potential. [Xom's
                  | grace]
 10758 | Lair:4   | Gained mutation: You have great hidden genetic potential.
                  | [Xom's grace]
 10949 | Lair:4   | Found a staircase to the Slime Pits.
 11317 | Lair:5   | Entered Level 5 of the Lair of Beasts
 11445 | Lair:5   | XOM: 10-stop teleportation journey
 11540 | Lair:5   | XOM: 8-stop teleportation journey
 11583 | Lair:5   | XOM: confuse monster(s)
 11584 | Lair:5   | XOM: cleaving
 11590 | Lair:5   | XOM: swap monsters
 11600 | Lair:5   | XOM: confuse monster(s)
 11639 | Lair:5   | XOM: divination: detect items
 11645 | Lair:5   | Reached skill level 10 in Shapeshifting
 11731 | Lair:5   | XOM: summons 10 friendly demons
 11855 | Lair:5   | XOM: give mutations
 11855 | Lair:5   | Lost mutation: You have a pair of small antennae on your
                  | head. [Xom's mischief]
 11855 | Lair:5   | Gained mutation: Your spells are easier to cast, but less
                  | powerful. [Xom's mischief]
 11855 | Lair:5   | Lost mutation: You have great hidden genetic potential.
                  | [Xom's mischief]
 11869 | Lair:5   | XOM: cloud trail
 11875 | Lair:5   | XOM: polymorph blink frog -> rime drake
 12002 | Lair:5   | Reached skill level 5 in Throwing
 12006 | Lair:5   | XOM: confuse monster(s)
 12028 | Lair:5   | Reached XP level 14. HP: 122/140 MP: 10/13
 12105 | Lair:5   | XOM: potion effect (haste)
 12114 | Lair:5   | Found a runed translucent door.
 12245 | Lair:5   | Paralysed by a hornet for 1 turns
 12271 | Lair:5   | XOM: cast spell 'Leda's Liquefaction'
 12312 | Lair:5   | Identified the ring "Jodaxiumn" {rC- rN+ Dex+4 SInv}
 12337 | Lair:5   | XOM: god gift: potion of degeneration
 12354 | Lair:5   | XOM: god gift: ring of see invisible
 12605 | Lair:5   | Gained mutation: You have a beak for a mouth. [hidden
                  | potential]
 12693 | Lair:5   | XOM: give mutation
 12693 | Lair:5   | Gained mutation: You possess an exceptional clarity of
                  | mind. [Xom's grace]
 12711 | Lair:5   | XOM: potion effect (might)
 12713 | Lair:5   | XOM: smoke on damage
 12744 | Lair:5   | Identified the +0 ring mail "Besaikka" {rF- rCorr Int+6}
 13037 | D:8      | Killed Dorkslayer's ghost
 13042 | D:8      | Killed Radamante's ghost
 13232 | D:7      | Killed lyrin's ghost
 13322 | Orc:1    | Entered Level 1 of the Orcish Mines
 13405 | Orc:1    | Reached skill level 10 in Fighting
 13703 | Orc:1    | XOM: cloud trail
 13786 | Orc:2    | Entered Level 2 of the Orcish Mines
 13788 | Orc:2    | Noticed Josephine
 13795 | Orc:2    | XOM: silly message
 13798 | Orc:2    | Killed Josephine
 13832 | Orc:2    | Paralysed by an orc sorcerer for 2 turns
 13852 | Orc:2    | XOM: 4-stop teleportation journey
 13865 | Orc:2    | Found a staircase to the Elven Halls.
 13892 | Orc:2    | Found a frozen archway.
 13925 | IceCv    | Entered an ice cave
 13976 | IceCv    | XOM: potion effect (magic)
 14149 | IceCv    | XOM: enchant monster (good)
 14158 | IceCv    | XOM: divine lightning
 14163 | IceCv    | XOM: summons 8 friendly demons
 14170 | IceCv    | XOM: cast spell 'Summon Small Mammal'
 14300 | IceCv    | Found a viscous altar of Jiyva.
 14300 | IceCv    | Noticed an azure jelly
 14306 | IceCv    | Killed an azure jelly
 14308 | IceCv    | Noticed an azure jelly
 14313 | IceCv    | XOM: cast spell 'Summon Horrible Things'
 14315 | IceCv    | Killed an azure jelly
 14330 | IceCv    | Identified the amulet "Baschul" {rF+ Will+ Regen+}
 14334 | IceCv    | XOM: torment (80/144 hp)
 14677 | Orc:2    | XOM: give mutation
 14677 | Orc:2    | Gained mutation: You passively dampen the noise of your
                  | surroundings. [Xom's mischief]
 14746 | Orc:2    | Found Qusis's Assorted Antiques.
 14748 | Orc:2    | XOM: potion effect (might)
 14769 | Orc:2    | XOM: summons 5 friendly demons
 14820 | Orc:2    | XOM: summons 14 friendly demons
 14824 | Orc:2    | Found Juguaxut's Antique Armour Emporium.
 14828 | Orc:2    | XOM: divination: detect creatures
 14852 | Orc:2    | Found Xessuh's Assorted Antiques.
 14873 | Orc:2    | Bought a scroll of identify for 52 gold pieces
 14873 | Orc:2    | Bought a scroll labelled VIMIAR UVUW for 26 gold pieces
 14877 | Orc:2    | Bought a scroll of teleportation for 78 gold pieces
 14890 | Orc:2    | Found Ovvilic's Jewellery Shop.
 15217 | Orc:2    | Bought a potion of curing for 78 gold pieces
 15290 | D:8      | XOM: give mutations
 15290 | D:8      | Lost mutation: Your spells are easier to cast, but less
                  | powerful. [Xom's grace]
 15290 | D:8      | Lost mutation: Your spells are a little easier to cast, but
                  | a little less powerful. [Xom's grace]
 15290 | D:8      | Gained mutation: You are strong-willed. (Will+) [Xom's
                  | grace]
 15290 | D:8      | Gained mutation: You are robust. (+10% HP) [Xom's grace]
 15329 | D:6      | XOM: scenery: summon butterflies
 15403 | D:6      | Killed Crazy Yiuf
 15574 | D:1      | Bought the -2 hat of the Alchemist {rElec rPois rF+ rC+ rN+
                  | Will+ rMut rCorr} for 1368 gold pieces
 15574 | D:1      | Found the -2 hat of the Alchemist {rElec rPois rF+ rC+ rN+
                  | Will+ rMut rCorr}
 15722 | D:7      | XOM: summons 4 hostile shadow creatures
 15861 | D:9      | Killed skewfiend's ghost
 15862 | D:9      | Reached XP level 15. HP: 163/167 MP: 14/14
 15871 | D:9      | Identified a scroll of acquirement
 15877 | D:9      | Acquired 744 gold pieces
 16260 | D:11     | Found Tuetikic's Weapon Boutique.
 16511 | D:12     | Reached skill level 1 in Armour
 16634 | D:12     | You fall into a shaft and drop 1 floor!
 16665 | D:13     | Found Bogax's Assorted Antiques.
 16681 | D:13     | Found a gate to the Vaults.
 16699 | D:13     | XOM: 1-stop teleportation journey
 16714 | D:13     | Found Xuuq's Antique Weapon Boutique.
 16715 | D:13     | Noticed Erolcha
 16719 | D:13     | Killed Erolcha
 16944 | D:12     | XOM: scenery: 3 doors open, 1 doors close
 17145 | D:12     | XOM: stat loss: -1 Int (5/6)
 17272 | D:12     | XOM: give mutations
 17272 | D:12     | Gained mutation: You passively map a small area around you.
                  | [Xom's grace]
 17272 | D:12     | Gained mutation: Your system is resistant to poisons.
                  | (rPois) [Xom's grace]
 17419 | D:12     | Reached skill level 5 in Shields
 17563 | Elf:1    | Entered Level 1 of the Elven Halls
 17568 | Elf:1    | XOM: summons 2 friendly demons
 17572 | Elf:1    | XOM: destruction
 17627 | Elf:1    | XOM: destruction
 17679 | Elf:1    | XOM: enchant monster (good)
 17793 | Elf:1    | Got a worn book
 17830 | Elf:1    | Found Muink's Magic Scroll Shoppe.
 17833 | Elf:1    | Bought a scroll of teleportation for 42 gold pieces
 17833 | Elf:1    | Bought a scroll of summoning for 133 gold pieces
 17833 | Elf:1    | Bought a scroll of acquirement for 728 gold pieces
 17833 | Elf:1    | Bought a scroll of revelation for 105 gold pieces
 17838 | Elf:1    | Acquired a manual of Dodging
 17907 | Elf:1    | XOM: destruction
 18025 | Elf:1    | Noticed Agnes
 18035 | Elf:1    | Killed Agnes
 18155 | Elf:1    | Found Zaxzisie's Antique Armour Boutique.
 18188 | Elf:1    | Found Baria's Distillery.
 18262 | Elf:1    | Found Wuugoegu's Armour Emporium.
 18315 | Elf:1    | XOM: potion effect (invisibility)
 18423 | Elf:2    | Found a crumbling gateway.
 18437 | Desolati | Entered the Desolation of Salt
 18534 | Desolati | Reached skill level 5 in Armour
 18557 | Desolati | Noticed an imperial myrmidon
 18566 | Desolati | Killed an imperial myrmidon
 18578 | Desolati | Reached XP level 16. HP: 66/178 MP: 15/15
 18626 | Desolati | XOM: scenery: create altars
 18776 | Desolati | Got a quivering book
 18791 | Desolati | Got a leatherbound book
 18792 | Desolati | XOM: divination: magic mapping
 18831 | Desolati | XOM: god gift: plate armour {god gift}
 18861 | Desolati | XOM: summons friendly crimson imp
 18883 | Desolati | XOM: confuse monster(s)
 18939 | Desolati | XOM: divine lightning
 18963 | Desolati | Identified the staff of Rotation {Int+4 Conj}
 18966 | Desolati | Got a vibrating book
 18968 | Desolati | Identified the +8 shortbow of Wummaom {heavy, Str+2}
 19020 | Desolati | XOM: polymorph ragged hierophant -> fire crab
 19102 | Desolati | Identified the amulet "Osubauw" {Reflect Fly rCorr SH+5}
 19130 | Desolati | Identified the ring "Maduosit" {Wiz rPois}
 19185 | Desolati | XOM: scenery: summon butterflies
 19370 | Elf:2    | XOM: scenery: 2 doors open, 1 doors close
 19378 | Elf:2    | XOM: summons friendly ufetubus
 19379 | Elf:2    | XOM: enchant monster (good)
 19381 | Elf:2    | XOM: enchant monster (good)
 19395 | Elf:2    | XOM is BORED!
 19395 | Elf:2    | XOM: summons 7 hostile demons
 19462 | Elf:2    | Paralysed by an air elemental for 1 turns
 19518 | Elf:2    | Reached skill level 10 in Dodging
 19520 | Elf:2    | XOM: summons friendly white imp
 19539 | Elf:2    | XOM: summons 4 friendly demons
 19545 | Elf:2    | XOM: cast spell 'Summon Mana Viper'
 19696 | Elf:2    | XOM: polymorph deep elf knight -> merfolk
 19716 | Elf:2    | XOM: god gift: boomerang
 19739 | Elf:2    | Found Ruq Ilaa's Antique Armour Shoppe.
 19755 | Elf:2    | Found Qomal's Weapon Shoppe.
 19871 | Elf:2    | XOM: scenery: 2 doors open, 1 doors close
 19879 | Elf:2    | XOM: 4-stop teleportation journey
 19884 | Elf:2    | Found a huge runed translucent gate.
 19884 | Elf:2    | Found a huge runed translucent gate.
 19884 | Elf:2    | Found a huge runed translucent gate.
 19885 | Elf:2    | Found a huge runed translucent gate.
 19886 | Elf:2    | Found a huge runed translucent gate.
 19894 | Elf:2    | XOM: confuse monster(s)
 19947 | Elf:2    | Noticed a deep elf blademaster
 19950 | Elf:2    | XOM: confuse monster(s)
 19958 | Elf:2    | Killed a deep elf blademaster
 19967 | Elf:2    | XOM: enchant monster (good)
 20017 | Elf:2    | XOM: fake destruction
 20045 | Elf:2    | Reached skill level 10 in Shields
 20054 | Elf:2    | XOM: divination: magic mapping
 20098 | Elf:2    | Reached XP level 17. HP: 174/188 MP: 12/16
 20154 | Elf:2    | XOM: confuse monster(s)
 20258 | Elf:2    | XOM: polymorph deep elf zephyrmancer -> shapeshifter
 20389 | Elf:2    | XOM: summons 9 hostile demons
 20431 | Elf:2    | XOM: noise
 20553 | Elf:1    | Found an ancient bone altar of Kikubaaqudgha.
 20580 | Elf:3    | Entered Level 3 of the Elven Halls
 20592 | Elf:3    | XOM: 1-stop teleportation journey
 20598 | Elf:3    | XOM: silly message
 20716 | Elf:3    | XOM: chaos cloud
 20736 | Elf:3    | Found Ufyexefaeg's Self-Published Books.
 20756 | Elf:3    | Noticed Roxanne
 20756 | Elf:3    | XOM: 9-stop teleportation journey
 20765 | Elf:3    | XOM: snakes to sticks
 20803 | Elf:3    | XOM: fog
 20810 | Elf:3    | Killed Roxanne
 20921 | Elf:3    | XOM: scenery: 2 doors open, 2 doors close
 20935 | Elf:3    | Reached skill level 1 in Translocations
 21006 | Elf:3    | XOM: 7-stop teleportation journey
 21163 | Elf:3    | XOM: give mutations
 21163 | Elf:3    | Gained mutation: Your mind is acute. (Int +4, Str/Dex -1)
                  | [Xom's grace]
 21163 | Elf:3    | Gained mutation: You expend magic power (3 MP) to
                  | strengthen your wands. [Xom's grace]
 21163 | Elf:3    | Gained mutation: Your flesh is cold resistant. (rC+) [Xom's
                  | grace]
 21207 | Elf:3    | Reached skill level 1 in Air Magic
 21215 | Elf:3    | XOM: potion effect (invisibility)
 21222 | Elf:3    | Reached skill level 1 in Spellcasting
 21248 | Elf:3    | XOM: confuse monster(s)
 21392 | Elf:3    | XOM: summons 4 hostile shadow creatures
 21396 | Elf:3    | Identified the +0 acid dragon scales "Qyroh" {rCorr MP+9
                  | Str+2}
 21398 | Elf:3    | XOM: chaos upgrade
 21461 | Elf:3    | Identified the +1 long sword of the Unstoppable Bones
                  | {drain, rC++ Int-4 Dex+3}
 21483 | Elf:3    | XOM: give mutations
 21483 | Elf:3    | Lost mutation: Your system is resistant to poisons. (rPois)
                  | [Xom's mischief]
 21483 | Elf:3    | Lost mutation: Your mind is acute. (Int +4, Str/Dex -1)
                  | [Xom's mischief]
 21486 | Elf:3    | Noticed a Brimstone Fiend
 21490 | Elf:3    | Noticed a deep elf master archer
 21500 | Elf:3    | Killed a deep elf master archer
 21517 | Elf:3    | Noticed a deep elf master archer
 21525 | Elf:3    | XOM: cast spell 'Summon Horrible Things'
 21526 | Elf:3    | Killed a deep elf master archer
 21549 | Elf:3    | XOM: polymorph large abomination -> large abomination
 21652 | Elf:3    | Identified the ring "Vizakk" {rF+++ rC+ Str+6 Int-5 Dex+2}
 21671 | Elf:3    | Noticed a deep elf master archer
 21671 | Elf:3    | Killed a deep elf master archer
 21748 | Elf:3    | Identified the +1 helmet of Weirdness {rF+}
 21782 | Elf:3    | Identified the +7 hand cannon "Zala Qav" {penet, Will-
                  | rCorr Int+2}
 21791 | Elf:3    | Learned a level 4 spell: Manifold Assault
 21799 | Elf:3    | Identified the +3 sling of Xeg Meja {elec, rElec}
 21809 | Elf:3    | Identified the +0 hat "Gyle" {Int+3}
 21819 | Elf:3    | Identified the staff "Qoetrof" {rPois rN+ Necro}
 22057 | Elf:3    | Bought the Precepts of Hitting the Bricks for 540 gold
                  | pieces
 22059 | Elf:3    | Learned a level 1 spell: Apportation
 22062 | Elf:3    | Learned a level 2 spell: Blink
 22067 | Elf:3    | Learned a level 4 spell: Passage of Golubria
 22070 | Elf:3    | Learned a level 2 spell: Passwall
 22280 | D:13     | Found Gufugyeq's Antique Weapon Emporium.
 22288 | D:13     | Found Yzuppejeumn's Book Shoppe.
 22297 | D:13     | XOM: cast spell 'Call Canine Familiar'
 22347 | D:13     | Identified the +10 falchion of Fear {drain, Will+}
 22486 | D:13     | Noticed Jorgrun
 22491 | D:13     | Killed Jorgrun
 22631 | D:13     | XOM: silly message
 22665 | D:13     | XOM: noise
 22728 | D:13     | XOM: enchant monster (good)
 22874 | D:13     | XOM: god gift: 49 gold pieces
 22937 | D:13     | XOM: scenery: 1 doors close
 23023 | D:14     | Found Eschoogh's Distillery.
 23044 | D:14     | Bought a potion of might for 56 gold pieces
 23044 | D:14     | Bought a potion of mutation for 112 gold pieces
 23044 | D:14     | Bought a potion of invisibility for 112 gold pieces
 23115 | D:14     | XOM: 3-stop teleportation journey
 23233 | D:14     | XOM: summons 4 friendly demons
 23246 | D:14     | XOM: 3-stop teleportation journey
 23307 | D:14     | Found a sacrificial altar of Ru.
 23348 | D:14     | Reached XP level 18. HP: 200/200 MP: 20/20
 23396 | D:14     | XOM: god gift: pair of glowing gloves {god gift}
 23455 | D:14     | Noticed Rupert
 23461 | D:14     | Killed Rupert
 23738 | D:15     | Entered Level 15 of the Dungeon
 23836 | D:15     | XOM: god gift: wand of charming (5)
 24162 | D:15     | Found a staircase to the Depths.
 24280 | D:15     | XOM: 1-stop teleportation journey
 24282 | D:15     | Found a portal to a secret trove of treasure.
 24456 | D:15     | XOM: 8-stop teleportation journey
 24493 | D:15     | XOM: god gift: 21 gold pieces
 24514 | Depths:1 | Entered Level 1 of the Depths
 24557 | Depths:1 | Noticed a golden dragon
 24565 | Depths:1 | Killed a golden dragon
 24594 | Depths:1 | Got an uncut book
 24632 | Depths:1 | XOM: destruction
 24669 | Depths:1 | Noticed a lich
 24670 | Depths:1 | XOM: butterfly on damage
 24674 | Depths:1 | Killed a lich
 24694 | Depths:1 | Found the +4 robe of Folly {Brill Will-∞ Int+8}
 24746 | Depths:1 | Noticed a golden dragon
 24749 | Depths:1 | Killed a golden dragon
 24752 | Depths:1 | Noticed a lich
 24756 | Depths:1 | Killed a lich
 24757 | Depths:1 | Noticed a tentacled monstrosity
 24760 | Depths:1 | Killed a tentacled monstrosity
 24814 | Depths:1 | Identified the amulet "Muluer" {*Slow rF++ Regen+ rCorr
                  | Int+4}
 24849 | Depths:1 | XOM: silly message
 24982 | Depths:1 | Noticed Mara
 24994 | Depths:1 | Noticed cnlflgl's illusion
 24996 | Depths:1 | XOM: silly message
 24996 | Depths:1 | Noticed a tentacled monstrosity
 24997 | Depths:1 | Killed Mara
 25010 | Depths:1 | XOM: divination: magic mapping
 25013 | Depths:1 | Killed a tentacled monstrosity
 25014 | Depths:1 | XOM: potion effect (might)
 25031 | Depths:1 | Found a gateway to Hell.
 25117 | Depths:1 | Noticed a tentacled monstrosity
 25118 | Depths:1 | Noticed a caustic shrike
 25122 | Depths:1 | Noticed a caustic shrike
 25122 | Depths:1 | Noticed a caustic shrike
 25123 | Depths:1 | XOM: potion effect (berserk rage)
 25123 | Depths:1 | Noticed a caustic shrike
 25126 | Depths:1 | Killed a caustic shrike
 25128 | Depths:1 | Killed a caustic shrike
 25132 | Depths:1 | Killed a caustic shrike
 25134 | Depths:1 | Killed a caustic shrike
 25158 | Depths:1 | Found Erais's Antique Armour Shoppe.
 25169 | Depths:1 | Killed a tentacled monstrosity
 25208 | Depths:1 | XOM: divination: detect creatures
 25219 | Depths:1 | Reached XP level 19. HP: 207/207 MP: 23/23
 25232 | Depths:1 | Found Titut's Antique Weapon Shop.
 25232 | Depths:1 | XOM: potion effect (haste)
 25265 | Depths:1 | Found Ageddu's Antique Weapon Shop.
 25265 | Depths:1 | Found Gofych's Magic Scroll Emporium.
 25282 | Depths:1 | Bought a scroll of blinking for 90 gold pieces
 25282 | Depths:1 | Bought a scroll of teleportation for 36 gold pieces
 25295 | Depths:1 | Found a runed translucent door.
 25296 | Depths:1 | Found a glowing silver altar of Zin.
 25496 | Depths:2 | Found a white marble altar of Elyvilon.
 25496 | Depths:2 | XOM: silly message
 25500 | Depths:2 | XOM: potion effect (brilliance)
 25581 | Depths:2 | XOM: potion effect (invisibility)
 25584 | Depths:2 | Gained mutation: Your spells are a little harder to cast,
                  | but a little more powerful. [hidden potential]
 25584 | Depths:2 | Lost mutation: You have hidden genetic potential. [hidden
                  | potential expressed]
 25677 | Depths:2 | XOM: potion effect (might)
 25678 | Depths:2 | XOM: potion effect (invisibility)
 25683 | Depths:2 | XOM: polymorph hell knight -> deep troll
 25755 | Depths:2 | XOM: god gift: 2 large rocks
 25795 | Depths:2 | Found a one-way gate to the infinite horrors of the Abyss.
 25808 | Depths:2 | XOM: cast spell 'Summon Horrible Things'
 25823 | Depths:2 | Reached skill level 15 in Shapeshifting
 25908 | Depths:2 | XOM: polymorph stone giant -> fenstrider witch
 25909 | Depths:2 | XOM: fog
 25993 | Depths:2 | XOM: cast spell 'Summon Dragon'
 25999 | Depths:2 | Reached skill level 5 in Translocations
 26022 | Depths:2 | Identified the +4 chain mail of the Amoeba {rElec Int+3}
 26041 | Depths:2 | Found a one-way gate leading to the halls of Pandemonium.
 26125 | Depths:2 | Found Rinean Vig's Jewellery Shoppe.
 26127 | Depths:2 | Found Gangamui's Book Shop.
 26128 | Depths:2 | Found Aggos's Jewellery Shoppe.
 26168 | Depths:2 | XOM: scenery: 1 doors close
 26291 | Depths:2 | XOM: cleaving
 26745 | Depths:2 | Noticed a golden dragon
 26756 | Depths:2 | Killed a golden dragon
 26797 | Depths:3 | XOM: confuse monster(s)
 26814 | Depths:3 | XOM: cleaving
 26846 | Depths:3 | XOM: fog
 26867 | Depths:3 | Found a large runed translucent door.
 26870 | Depths:3 | Found a large runed translucent door.
 26877 | Depths:3 | Noticed a juggernaut
 26879 | Depths:3 | Found a large runed translucent door.
 26880 | Depths:3 | Found a large runed translucent door.
 26934 | Depths:3 | Found Neam Zao's Magic Scroll Boutique.
 26946 | Depths:3 | Bought a scroll of blinking for 150 gold pieces
 26989 | Depths:3 | Noticed Margery
 27001 | Depths:3 | Killed Margery
 27003 | Depths:3 | XOM: god gift: scroll of immolation
 27004 | Depths:3 | XOM: polymorph necromancer -> glowing shapeshifter
 27084 | Depths:3 | Found Quely's Weapon Emporium.
 27146 | Depths:3 | XOM: cast spell 'Monstrous Menagerie'
 27204 | Depths:3 | Found a large runed translucent door.
 27207 | Depths:3 | Found a large runed translucent door.
 27208 | Depths:3 | Found a large runed translucent door.
 27209 | Depths:3 | Found a large runed translucent door.
 27250 | Depths:3 | Found Gaahist's Antique Weapon Emporium.
 27250 | Depths:3 | XOM: 7-stop teleportation journey
 27288 | Depths:3 | Reached XP level 20. HP: 221/221 MP: 26/26
 27309 | Depths:3 | XOM: god gift: potion of mutation
 27319 | Depths:3 | XOM: cleaving
 27327 | Depths:3 | XOM: 2-stop teleportation journey
 27405 | Depths:3 | Found Zabrutt's General Store.
 27425 | Depths:3 | XOM: summons 16 friendly demons
 27529 | Depths:3 | Reached skill level 5 in Spellcasting
 27532 | Depths:3 | XOM: summons 6 friendly demons
 27713 | Depths:3 | XOM: polymorph deep troll shaman -> shapeshifter
 27722 | Depths:3 | XOM: god gift: plate armour {god gift}
 27766 | Depths:3 | XOM: scenery: 3 doors open
 27831 | Depths:4 | Entered Level 4 of the Depths
 27907 | Depths:4 | XOM: enchant monster (good)
 28063 | Depths:4 | Found a radiant altar of Vehumet.
 28083 | Depths:4 | XOM: scenery: 2 doors open
 28236 | Depths:4 | XOM: summons 2 friendly demons
 28240 | Depths:4 | XOM: blink monster(s)
 28241 | Depths:4 | XOM: enchant monster (good)
 28310 | Depths:4 | Found a gate to the Realm of Zot.
 28310 | Depths:4 | Noticed a golden dragon
 28315 | Depths:4 | Killed a golden dragon
 28417 | Depths:4 | Found a one-way gateway to a ziggurat.
 28652 | Depths:4 | XOM: noise
 29178 | Spider:1 | Entered Level 1 of the Spider Nest
 29185 | Spider:1 | XOM: blink monster(s)
 29295 | Spider:1 | XOM: potion effect (haste)
 29727 | Spider:2 | XOM: noise
 29748 | Spider:2 | Reached XP level 21. HP: 231/231 MP: 27/27
 29816 | Spider:2 | XOM: noise
 30262 | Spider:2 | XOM: divination: detect creatures
 30577 | Spider:3 | XOM: 1-stop teleportation journey
 30712 | Spider:3 | XOM: 6-stop teleportation journey
 30801 | Spider:3 | XOM: cloud trail
 31053 | Spider:3 | XOM: summons 5 hostile demons
 31198 | Spider:3 | XOM: summons 11 hostile demons
 31220 | Spider:4 | Entered Level 4 of the Spider Nest
 31221 | Spider:4 | XOM: summons 4 hostile shadow creatures
 31408 | Spider:4 | Noticed Louise
 31410 | Spider:4 | XOM: 2-stop teleportation journey
 31412 | Spider:4 | XOM: destruction
 31414 | Spider:4 | XOM: fake destruction
 31440 | Spider:4 | Got a gossamer rune of Zot
 31465 | Spider:4 | XOM: fog
 31536 | Spider:4 | Killed Louise
 31583 | Spider:4 | XOM: scenery: create altars
 31885 | Shoals:1 | Entered Level 1 of the Shoals
 31903 | Shoals:1 | XOM: divination: detect items
 32257 | Shoals:1 | XOM: divination: magic mapping
 32410 | Shoals:1 | Found Xuelaextat's General Store.
 32511 | Shoals:2 | Found a transporter.
 32580 | Shoals:2 | Found a transporter.
 32585 | Shoals:2 | Noticed Polyphemus
 32590 | Shoals:2 | XOM: summons friendly ufetubus
 32592 | Shoals:2 | Killed Polyphemus
 32594 | Shoals:2 | XOM: give mutations
 32594 | Shoals:2 | Gained mutation: You are partially covered in large bone
                  | plates. (SH +4) [Xom's grace]
 32594 | Shoals:2 | Gained mutation: Your muscles are strong. (Str +4, Int/Dex
                  | -1) [Xom's grace]
 32676 | Shoals:2 | Noticed Dabriqe's ghost (adept GnFi)
 32716 | Shoals:2 | Acquired 1138 gold pieces
 32756 | Shoals:2 | XOM: give mutations
 32756 | Shoals:2 | Lost mutation: You passively map a small area around you.
                  | [Xom's mischief]
 32756 | Shoals:2 | Lost mutation: Your flesh is cold resistant. (rC+) [Xom's
                  | mischief]
 32756 | Shoals:2 | Gained mutation: You are vulnerable to cold. (rC-) [Xom's
                  | mischief]
 32756 | Shoals:2 | Lost mutation: You possess an exceptional clarity of mind.
                  | [Xom's mischief]
 32756 | Shoals:2 | Lost mutation: You have a beak for a mouth. [Xom's
                  | mischief]
 33029 | Shoals:2 | Found the +3 crown of Dyrovepreva {rElec Int+2 SInv}
 33117 | Shoals:2 | XOM: divination: magic mapping
 33129 | Shoals:2 | Killed Dabriqe's ghost
 33379 | Shoals:3 | Reached XP level 22. HP: 244/244 MP: 29/29
 33591 | Shoals:3 | XOM: 1-stop teleportation journey
 33715 | Shoals:3 | XOM: noise
 33939 | Shoals:4 | Entered Level 4 of the Shoals
 33939 | Shoals:4 | Found Juoficky's Distillery.
 33947 | Shoals:4 | Bought a potion of mutation for 144 gold pieces
 33947 | Shoals:4 | Bought a potion of invisibility for 144 gold pieces
 33959 | Shoals:4 | XOM: enchant monster (bad)
 34103 | Shoals:4 | Got a barnacled rune of Zot
 34156 | Shoals:4 | XOM: 1-stop teleportation journey
 34172 | Shoals:4 | Identified the +7 orcbow of the Gloaming {antimagic, rC+
                  | Str+2 Int+5}
 34207 | Shoals:4 | XOM: divination: detect creatures
 34288 | Shoals:4 | XOM: polymorph merfolk javelineer -> quicksilver ooze
 34302 | Shoals:4 | XOM: polymorph merfolk javelineer -> azure jelly
 34313 | Shoals:4 | Got a dusty book
 34390 | Shoals:4 | XOM: smoke on damage
 34394 | Shoals:4 | XOM: summons friendly crimson imp
 34520 | Shoals:4 | XOM: cast spell 'Summon Ice Beast'
 34701 | Shoals:4 | XOM: divination: magic mapping
 34921 | Vaults:1 | Entered Level 1 of the Vaults
 35191 | Vaults:1 | XOM: potion effect (attraction)
 35855 | Vaults:1 | XOM: summons 4 friendly demons
 36105 | Vaults:2 | XOM: stealth player
 36196 | Vaults:2 | XOM: potion effect (invisibility)
 36198 | Vaults:2 | XOM: scenery: create altars
 36201 | Vaults:2 | XOM: potion effect (brilliance)
 36538 | Vaults:2 | XOM: potion effect (might)
 36556 | Vaults:2 | XOM is BORED!
 36556 | Vaults:2 | XOM: give mutations
 36556 | Vaults:2 | Lost mutation: You have sharp toenails. [Xom's mischief]
 36556 | Vaults:2 | Lost mutation: You are partially covered in large bone
                  | plates. (SH +4) [Xom's mischief]
 36556 | Vaults:2 | Lost mutation: You are strong-willed. (Will+) [Xom's
                  | mischief]
 36598 | Vaults:2 | XOM: confuse monster(s)
 36599 | Vaults:2 | XOM: summons 2 friendly demons
 36601 | Vaults:2 | XOM: scenery: 2 doors open
 36674 | Vaults:2 | XOM: divination: magic mapping
 36722 | Vaults:2 | XOM: god gift: glowing scimitar {god gift}
 36790 | Vaults:2 | XOM: fog
 36801 | Vaults:2 | XOM: scenery: 2 doors open, 2 doors close
 36926 | Vaults:2 | Reached skill level 15 in Dodging
 36926 | Vaults:2 | Reached XP level 23. HP: 255/255 MP: 31/31
 36972 | Vaults:2 | XOM: god gift: 7 stones
 37012 | Vaults:2 | XOM: give mutations
 37012 | Vaults:2 | Gained mutation: You have a pair of small antennae on your
                  | head. [Xom's grace]
 37012 | Vaults:2 | Gained mutation: Your spells are harder to cast, but more
                  | powerful. [Xom's grace]
 37012 | Vaults:2 | Gained mutation: You are agile. (Dex +4, Str/Int -1) [Xom's
                  | grace]
 37012 | Vaults:2 | Lost mutation: You are vulnerable to cold. (rC-) [Xom's
                  | grace]
 37012 | Vaults:2 | Gained mutation: Your flesh is cold resistant. (rC+) [Xom's
                  | grace]
 37326 | Vaults:3 | Noticed Zenata
 37336 | Vaults:3 | Killed Zenata
 37446 | Vaults:3 | Noticed Mennas
 37447 | Vaults:3 | XOM: divine lightning
 37455 | Vaults:3 | Killed Mennas
 37489 | Vaults:3 | XOM: scenery: 1 doors close
 37522 | Vaults:3 | XOM: fog
 37610 | Vaults:3 | XOM: potion effect (brilliance)
 37962 | Vaults:3 | Reached skill level 15 in Shields
 38077 | Vaults:3 | XOM: divination: detect creatures
 38087 | Vaults:3 | XOM: enchant monster (good)
 38094 | Vaults:3 | Reached skill level 15 in Fighting
 38106 | Vaults:3 | Reached skill level 5 in Evocations
 38115 | Vaults:3 | Found a staircase to the Crypt.
 38266 | Vaults:4 | XOM: cast spell 'Call Canine Familiar'
 38336 | Vaults:4 | XOM: summons friendly white imp
 38358 | Vaults:4 | XOM: chaos cloud
 38365 | Vaults:4 | Paralysed by you for 4 turns
 38373 | Vaults:4 | XOM: cleaving
 38433 | Vaults:4 | XOM: 2-stop teleportation journey
 38453 | Vaults:4 | Found the ring of Shadows {Umbra +Inv Stlth+}
 38453 | Vaults:4 | XOM: scenery: 3 doors open
 38588 | Vaults:4 | XOM: summons friendly white imp
 38687 | Vaults:4 | XOM: 2-stop teleportation journey
 38991 | Vaults:4 | XOM: cloud trail
 39186 | Vaults:5 | Entered Level 5 of the Vaults
 39187 | Vaults:5 | Noticed a dread lich
 39191 | Vaults:5 | Reached XP level 24. HP: 269/269 MP: 32/33
 39192 | Vaults:5 | XOM: summons friendly ufetubus
 39193 | Vaults:5 | XOM: summons friendly quasit
 39196 | Vaults:5 | Killed a dread lich
 39207 | Vaults:5 | XOM: polymorph stone giant -> shadow dragon
 39212 | Vaults:5 | XOM: enchant monster (good)
 39229 | Vaults:5 | XOM: chaos upgrade
 39309 | Vaults:5 | XOM: 1-stop teleportation journey
 39369 | Vaults:5 | Found Okhuq's Jewellery Shop.
 39731 | Vaults:5 | XOM: destruction
 39746 | Vaults:5 | XOM: cast spell 'Call Canine Familiar'
 39799 | Vaults:5 | XOM: scenery: create altars
 39855 | Vaults:5 | XOM: give mutations
 39855 | Vaults:5 | Gained mutation: Your flesh is heat resistant. (rF+) [Xom's
                  | grace]
 39855 | Vaults:5 | Gained mutation: You heal very quickly. [Xom's grace]
 39903 | Vaults:5 | XOM: enchant monster (good)
 40006 | Vaults:5 | XOM: cleaving
 40078 | Vaults:5 | XOM: give mutations
 40078 | Vaults:5 | Lost mutation: You heal very quickly. [Xom's mischief]
 40078 | Vaults:5 | Lost mutation: You have a pair of small antennae on your
                  | head. [Xom's mischief]
 40078 | Vaults:5 | Lost mutation: You passively dampen the noise of your
                  | surroundings. [Xom's mischief]
 40078 | Vaults:5 | Gained mutation: You have a pair of small antennae on your
                  | head. [Xom's mischief]
 40249 | Vaults:5 | Got a silver rune of Zot
 40465 | Vaults:5 | Identified the +8 arbalest of Ecoror {flame, Will+}
 40532 | Vaults:5 | XOM: god gift: 3 boomerangs
 40763 | Crypt:1  | Entered Level 1 of the Crypt
 40765 | Crypt:1  | XOM: 2-stop teleportation journey
 40778 | Crypt:1  | Noticed Donald
 40784 | Crypt:1  | Noticed Saint Roka
 40794 | Crypt:1  | Killed Donald
 40800 | Crypt:1  | Saint Roka changed into Saint Roka the caustic shrike
 40800 | Crypt:1  | Noticed Saint Roka
 40800 | Crypt:1  | XOM: polymorph Saint Roka -> Saint Roka the caustic shrike
 40807 | Crypt:1  | Killed Saint Roka the caustic shrike
 40858 | Crypt:1  | XOM: confuse monster(s)
 41010 | Crypt:1  | XOM: enchant monster (bad)
 41126 | Crypt:1  | XOM: god gift: robe {god gift}
 41130 | Crypt:1  | XOM: give mutation
 41130 | Crypt:1  | Lost mutation: You are agile. (Dex +4, Str/Int -1) [Xom's
                  | mischief]
 41259 | Crypt:1  | XOM: cast spell 'Chain of Chaos'
 41332 | Crypt:1  | XOM: scenery: 1 doors open, 1 doors close
 41684 | Crypt:2  | Reached XP level 25. HP: 281/281 MP: 34/34
 41787 | Crypt:2  | Identified the amulet of Yfichyub {Acrobat Str-4 Dex+3}
 41961 | Crypt:2  | XOM: cast spell 'Call Canine Familiar'
 42037 | Crypt:2  | XOM: enchant monster (good)
 42041 | Crypt:2  | XOM: noise
 42055 | Crypt:2  | XOM: give mutation
 42055 | Crypt:2  | Lost mutation: Your flesh is cold resistant. (rC+) [Xom's
                  | mischief]
 42064 | Crypt:2  | Identified the +0 leather armour of Cedodoj {rC+}
 42297 | Crypt:3  | Entered Level 3 of the Crypt
 42370 | Crypt:3  | XOM: 3-stop teleportation journey
 42378 | Crypt:3  | XOM: confusion (+ monsters)
 42386 | Crypt:3  | XOM: 2-stop teleportation journey
 42410 | Crypt:3  | XOM: blink monster(s)
 42455 | Crypt:3  | XOM: enchant monster (good)
 42487 | Crypt:3  | XOM: 1-stop teleportation journey
 42545 | Crypt:3  | Found a shimmering altar of Xom.
 42583 | Crypt:3  | XOM: scenery: 1 doors close
 42601 | Crypt:3  | XOM: fog
 42645 | Crypt:3  | Found the +8 Vampire's Tooth {megavamp}
 42812 | Crypt:3  | XOM: cleaving
 42871 | Crypt:3  | XOM: give mutations
 42871 | Crypt:3  | Lost mutation: You are robust. (+10% HP) [Xom's mischief]
 42871 | Crypt:3  | Gained mutation: Your magical capacity is low. (-10% MP)
                  | [Xom's mischief]
 42871 | Crypt:3  | Lost mutation: You expend magic power (3 MP) to strengthen
                  | your wands. [Xom's mischief]
 42871 | Crypt:3  | Lost mutation: Your muscles are strong. (Str +4, Int/Dex
                  | -1) [Xom's mischief]
 43017 | Crypt:3  | Found a staircase to the Tomb.
 43115 | Crypt:3  | XOM: confuse monster(s)
 43151 | Crypt:3  | Got a conspicuous book
 43156 | Crypt:3  | Identified the +1 robe of Zatot {-Cast rElec SInv}
 43222 | Crypt:3  | XOM: cast spell 'Alistair's Intoxication'
 43250 | Crypt:3  | Identified the ring "Qeiguh" {*Slow rN+ rCorr Dex+7}
 43250 | Crypt:3  | Identified the ring "Uxoolien" {rF+ rN+ Str+2}
 43356 | Crypt:3  | XOM: summons 13 hostile demons
 43558 | D:15     | XOM: give mutations
 43558 | D:15     | Gained mutation: Your mind is acute. (Int +4, Str/Dex -1)
                  | [Xom's mischief]
 43558 | D:15     | Gained mutation: You are frail. (-10% HP) [Xom's mischief]
 43558 | D:15     | Gained mutation: You are very frail. (-20% HP) [Xom's
                  | mischief]
 43558 | D:15     | Gained mutation: Your mind is very acute. (Int +8, Str/Dex
                  | -2) [Xom's mischief]
 43659 | Zot:1    | Entered Level 1 of the Realm of Zot
 43800 | Zot:1    | HP: 12/397 [green draconian monk (21)]
 43806 | Zot:1    | HP: 8/265 [black draconian/bolt of lightning[a green
                  | draconian monk] (5)]
 43808 | Zot:1    | XOM: summons friendly white imp
 43882 | Zot:1    | XOM: blink monster(s)
 43943 | Zot:1    | You fall into a shaft and drop 1 floor!
 43968 | Zot:1    | XOM: enchant monster (bad)
 44232 | Zot:1    | XOM: 5-stop teleportation journey
 44374 | Zot:2    | Found a transporter.
 44376 | Zot:2    | Noticed an ancient lich
 44376 | Zot:2    | Noticed Axujocy's ghost (master DsHu)
 44381 | Zot:2    | Noticed a dread lich
 44382 | Zot:2    | Noticed an ancient lich
 44385 | Zot:2    | Found a transporter.
 44388 | Zot:2    | XOM: give mutations
 44388 | Zot:2    | Gained mutation: You have very sharp teeth. [Xom's grace]
 44388 | Zot:2    | Lost mutation: You are very frail. (-20% HP) [Xom's grace]
 44489 | Zot:2    | Noticed an orb of fire
 44490 | Zot:2    | Lost mutation: Your spells are harder to cast, but more
                  | powerful. [an orb of fire]
 44493 | Zot:2    | XOM: scenery: create altars
 44498 | Zot:2    | Killed an orb of fire
 44562 | Zot:2    | XOM: enchant monster (good)
 44592 | Zot:2    | Noticed a Killer Klown
 44596 | Zot:2    | XOM: noise
 44609 | Zot:2    | XOM: confuse monster(s)
 44615 | Zot:2    | XOM: divination: detect items
 44616 | Zot:2    | XOM: summons friendly shadow imp
 44621 | Zot:2    | XOM: potion effect (berserk rage)
 44633 | Zot:2    | Killed a Killer Klown
 44639 | Zot:2    | Reached XP level 26. HP: 189/240 MP: 25/31
 44811 | Zot:2    | XOM: divination: detect items
 44843 | Zot:2    | XOM: cloud trail
 44877 | Zot:2    | XOM: fake destruction
 44895 | Zot:2    | Noticed an orb of fire
 44943 | Zot:2    | Killed an orb of fire
 44944 | Zot:2    | Reached skill level 5 in Air Magic
 44950 | Zot:2    | Reached skill level 10 in Translocations
 45143 | Zot:2    | XOM: god gift: book of Geomancy
 45356 | Depths:4 | Voluntarily entered the Abyss.
 45422 | Abyss:1  | XOM: noise
 45490 | Abyss:1  | Found a corrupted altar of Lugonu.
 45519 | Abyss:1  | Found a corrupted altar of Lugonu.
 45637 | Abyss:1  | XOM: divination: detect items
 45689 | Abyss:1  | Paralysed by accursed screaming for 1 turns
 45693 | Abyss:1  | XOM: potion effect (invisibility)
 45752 | Abyss:1  | XOM: noise
 45753 | Abyss:1  | XOM: silly message
 45764 | Abyss:1  | XOM: divination: detect items
 45772 | Depths:4 | Escaped the Abyss
 45774 | Depths:4 | Voluntarily entered the Abyss.
 45838 | Abyss:2  | Found a corrupted altar of Lugonu.
 45879 | Abyss:2  | Found a corrupted altar of Lugonu.
 45946 | Abyss:2  | Found a corrupted altar of Lugonu.
 45954 | Abyss:2  | Found a corrupted altar of Lugonu.
 45954 | Abyss:2  | Found a corrupted altar of Lugonu.
 45965 | Abyss:2  | XOM: divination: magic mapping
 45970 | Abyss:2  | XOM: potion effect (invisibility)
 46050 | Abyss:2  | Found a corrupted altar of Lugonu.
 46458 | Abyss:4  | XOM: potion effect (heal wounds)
 46458 | Abyss:4  | Paralysed by accursed screaming for 1 turns
 46469 | Abyss:4  | Paralysed by accursed screaming for 1 turns
 46474 | Abyss:4  | Paralysed by accursed screaming for 1 turns
 46479 | Abyss:4  | XOM: divination: detect creatures
 46493 | Abyss:4  | XOM: noise
 46520 | Abyss:4  | Found a corrupted altar of Lugonu.
 46537 | Abyss:4  | XOM: potion effect (brilliance)
 46537 | Abyss:4  | Paralysed by accursed screaming for 1 turns
 46538 | Abyss:4  | XOM: silly message
 46542 | Abyss:4  | Paralysed by accursed screaming for 2 turns
 46554 | Abyss:4  | XOM: divination: detect creatures
 46554 | Abyss:4  | Paralysed by accursed screaming for 2 turns
 46560 | Abyss:4  | Paralysed by accursed screaming for 2 turns
 46564 | Abyss:4  | Got an abyssal rune of Zot
 46564 | Abyss:4  | Paralysed by accursed screaming for 2 turns
 46570 | Abyss:4  | XOM: noise
 46577 | Abyss:4  | Paralysed by accursed screaming for 2 turns
 46578 | Abyss:4  | XOM: potion effect (brilliance)
 46652 | Abyss:4  | XOM: polymorph raiju -> yaktaur
 46692 | Depths:4 | Escaped the Abyss
 46708 | Depths:4 | XOM: give mutations
 46708 | Depths:4 | Lost mutation: You have very sharp teeth. [Xom's mischief]
 46708 | Depths:4 | Lost mutation: Your spells are a little harder to cast, but
                  | a little more powerful. [Xom's mischief]
 46708 | Depths:4 | Gained mutation: You are strong-willed. (Will+) [Xom's
                  | mischief]
 46984 | Slime:1  | Entered Level 1 of the Pits of Slime
 47003 | Slime:1  | XOM: swap monsters
 47009 | Slime:1  | XOM: destruction
 47017 | Slime:1  | XOM: noise
 47071 | Slime:1  | XOM: noise
 47456 | Slime:2  | XOM: enchant monster (good)
 47516 | Slime:2  | XOM: god gift: scroll of enchant armour
 47682 | Slime:2  | XOM: divination: detect items
 48037 | Slime:3  | Reached skill level 10 in Spellcasting
 48459 | Slime:5  | Entered Level 5 of the Pits of Slime
 48538 | Slime:5  | XOM: silly message
 48544 | Slime:5  | XOM: potion effect (berserk rage)
 48662 | Slime:4  | Reached XP level 27. HP: 251/251 MP: 23/32
 48890 | Slime:5  | XOM: summons friendly iron imp
 48895 | Slime:5  | Gained mutation: You occasionally lose the ability to drink
                  | potions when taking damage. [a shining eye]
 48897 | Slime:5  | Gained mutation: You are occasionally teleported next to
                  | monsters. [a shining eye]
 48977 | Slime:5  | XOM: divination: detect items
 49122 | Slime:5  | XOM: divination: magic mapping
 49155 | Slime:5  | Found a viscous altar of Jiyva.
 49185 | Slime:5  | Found the +10 Black Knight's barding {ponderous, rPois rN+}
 49290 | Slime:5  | Noticed the Royal Jelly
 49296 | Slime:5  | XOM: silly message
 49307 | Slime:5  | XOM: potion effect (heal wounds)
 49309 | Slime:5  | XOM: divination: magic mapping
 49313 | Slime:5  | XOM: summons friendly quasit
 49334 | Slime:5  | Killed the Royal Jelly
 49399 | Slime:5  | Identified the staff "Jinoned" {Fly Conj}
 49405 | Slime:5  | XOM: summons 1 hostile demon
 49456 | Slime:5  | Got a fusty book
 49489 | Slime:5  | Identified the ring of the Rotten God {rPois MP+9 Str+3}
 49508 | Slime:5  | Got a slimy rune of Zot
 49545 | Slime:5  | Got a mumbling book
 49546 | Slime:5  | Identified the +9 arbalest "Vidueheb" {drain, Fly rF+++
                  | MP+9 Dex-5}
 49562 | Slime:5  | Lost mutation: Your mind is very acute. (Int +8, Str/Dex
                  | -2) [potion of mutation]
 49562 | Slime:5  | Lost mutation: You are strong-willed. (Will+) [potion of
                  | mutation]
 49562 | Slime:5  | Lost mutation: You are occasionally teleported next to
                  | monsters. [potion of mutation]
 49562 | Slime:5  | Gained mutation: You sometimes lose the ability to drink
                  | potions when taking damage. [potion of mutation]
 49562 | Slime:5  | Gained mutation: You heal very quickly. [potion of
                  | mutation]
 49563 | Slime:5  | Lost mutation: Your magical capacity is low. (-10% MP)
                  | [potion of mutation]
 49563 | Slime:5  | Lost mutation: Your mind is acute. (Int +4, Str/Dex -1)
                  | [potion of mutation]
 49563 | Slime:5  | Lost mutation: You have a pair of small antennae on your
                  | head. [potion of mutation]
 49563 | Slime:5  | Gained mutation: You are strong-willed. (Will+) [potion of
                  | mutation]
 49563 | Slime:5  | Gained mutation: You occasionally lose the ability to read
                  | scrolls when taking damage. [potion of mutation]
 49563 | Slime:5  | Gained mutation: Your muscles are strong. (Str +4, Int/Dex
                  | -1) [potion of mutation]
 49564 | Slime:5  | Lost mutation: You are strong-willed. (Will+) [potion of
                  | mutation]
 49564 | Slime:5  | Lost mutation: You occasionally lose the ability to read
                  | scrolls when taking damage. [potion of mutation]
 49564 | Slime:5  | Lost mutation: You are frail. (-10% HP) [potion of
                  | mutation]
 49564 | Slime:5  | Gained mutation: Your muscles are very strong. (Str +8,
                  | Int/Dex -2) [potion of mutation]
 49789 | D:12     | XOM: give mutations
 49789 | D:12     | Gained mutation: A frigid envelope surrounds you and
                  | freezes all who hurt you. [Xom's mischief]
 49789 | D:12     | Gained mutation: Your magical capacity is low. (-10% MP)
                  | [Xom's mischief]
 49977 | Zig:1    | Entered Level 1 of a ziggurat
 49990 | Zig:2    | Entered Level 2 of a ziggurat
 50005 | Zig:3    | Entered Level 3 of a ziggurat
 50031 | Zig:4    | Entered Level 4 of a ziggurat
 50053 | Zig:4    | Got a mumbling book
 50066 | Zig:5    | Entered Level 5 of a ziggurat
 50097 | Zig:5    | Identified the ring "Kutoduebi" {rElec Dex+2 SInv}
 50101 | Zig:5    | Identified the ring of the Original Sin {Fire Stlth+}
 50133 | Zig:6    | Entered Level 6 of a ziggurat
 50138 | Zig:6    | XOM: cleaving
 50162 | Zig:6    | Identified the ring "Zolir" {Will+ EV+5}
 50202 | Zig:7    | Entered Level 7 of a ziggurat
 50208 | Zig:7    | XOM: cleaving
 50225 | Zig:7    | Identified the +7 halberd of Jiuw {flame, rCorr SInv}
 50233 | Zig:8    | Entered Level 8 of a ziggurat
 50238 | Zig:8    | Noticed Gadadex the pandemonium lord
 50241 | Zig:8    | XOM: polymorph Gadadex -> Gadadex
 50244 | Zig:8    | Killed Gadadex the pandemonium lord
 50245 | Zig:8    | XOM: cast spell 'Cause Fear'
 50276 | Zig:8    | Identified the ring "Nolen" {+Blink rF+++ Will+ MP+9 Str-4}
 50306 | Zig:9    | Entered Level 9 of a ziggurat
 50314 | Zig:9    | Paralysed by a floating eye for 3 turns
 50325 | Zig:9    | Paralysed by a floating eye for 4 turns
 50335 | Zig:9    | Paralysed by a floating eye for 3 turns
 50339 | Zig:9    | XOM: potion effect (brilliance)
 50341 | Zig:9    | Paralysed by a floating eye for 3 turns
 50345 | Zig:9    | Paralysed by a floating eye for 2 turns
 50349 | Zig:9    | Paralysed by a floating eye for 4 turns
 50352 | Zig:9    | XOM: cast spell 'Summon Small Mammal'
 50357 | Zig:9    | Paralysed by a floating eye for 2 turns
 50361 | Zig:9    | Paralysed by a floating eye for 4 turns
 50365 | Zig:9    | Identified the +0 robe of Mirth {Will+}
 50366 | Zig:9    | Paralysed by a floating eye for 4 turns
 50372 | Zig:9    | Paralysed by a floating eye for 2 turns
 50376 | Zig:9    | Paralysed by a floating eye for 2 turns
 50382 | Zig:9    | Paralysed by a floating eye for 2 turns
 50385 | Zig:9    | Paralysed by a floating eye for 3 turns
 50389 | Zig:9    | Paralysed by a floating eye for 2 turns
 50392 | Zig:9    | Paralysed by a floating eye for 2 turns
 50396 | Zig:10   | Entered Level 10 of a ziggurat
 50401 | Zig:10   | Found the +8 lance "Wyrmbane" {slay drac, rPois rF+ rC+
                  | AC+3}
 50401 | Zig:10   | Noticed an orb of fire
 50403 | Zig:10   | Noticed an orb of fire
 50410 | Zig:10   | Gained mutation: You are frail. (-10% HP) [an orb of fire]
 50412 | Zig:10   | Killed an orb of fire
 50412 | Zig:10   | Gained mutation: You are dopey. (Int -2) [an orb of fire]
 50414 | Zig:10   | Killed an orb of fire
 50455 | Zig:10   | XOM: noise
 50466 | Zig:10   | Identified the ring "Xianued" {rC+ Str+6 Slay+3}
 50481 | Zig:10   | Identified the amulet "Qerefril" {RegenMP Rampage rN+ SInv}
 50484 | Zig:10   | Identified the +11 quarterstaff of the Middle {heavy, *Rage
                  | rF+++ Int+3 Dex+3}
 50485 | Zig:10   | Identified the +4 kite shield of Focus {Drain Str+8}
 50496 | Zig:10   | Reached skill level 10 in Throwing
 50498 | Zig:11   | Entered Level 11 of a ziggurat
 50506 | Zig:11   | Noticed Zeisk the pandemonium lord
 50512 | Zig:11   | Killed Zeisk the pandemonium lord
 50524 | Zig:11   | XOM: divination: magic mapping
 50629 | Zig:11   | Identified the staff of Springtime {Fly rC+ rCorr Str-2
                  | SInv Ice}
 50636 | Zig:12   | Entered Level 12 of a ziggurat
 50652 | Zig:12   | Noticed an ancient lich
 50652 | Zig:12   | Noticed an ancient lich
 50653 | Zig:12   | Noticed a dread lich
 50653 | Zig:12   | Noticed a dread lich
 50662 | Zig:12   | Killed an ancient lich
 50663 | Zig:12   | Killed an ancient lich
 50665 | Zig:12   | XOM: enchant monster (good)
 50667 | Zig:12   | Killed a dread lich
 50668 | Zig:12   | Killed a dread lich
 50720 | Zig:12   | Identified the +11 quarterstaff "Duynown" {vamp, Dex+2}
 50722 | Zig:12   | Identified the +3 short sword of Severance {venom, Will+
                  | Dex+2}
 50727 | Zig:12   | Identified the +9 longbow of the Doomed God {drain, rF+
                  | Int+4}
 50728 | Zig:12   | Identified the ring of the Fool {Ice rElec Int+4}
 50735 | Zig:12   | Identified the staff "Worm" {rF+ rC+ Str+3 Dex+4 Ice}
 50743 | Zig:13   | Entered Level 13 of a ziggurat
 50772 | Zig:13   | XOM: noise
 50777 | Zig:13   | XOM: scenery: summon butterflies
 50808 | Zig:13   | Identified the ring "Feomnugh" {rF+ Str+6 Dex-4 Slay+2}
 50810 | Zig:13   | Identified the +1 falchion of Painful Death {holy, rF++
                  | Int-2 SInv Stlth+}
 50823 | Zig:13   | Identified the +0 chain mail of Iteu {Regen+}
 50849 | Zig:14   | Entered Level 14 of a ziggurat
 50858 | Zig:14   | Noticed an ancient lich
 50858 | Zig:14   | Noticed an ancient lich
 50859 | Zig:14   | XOM: cast spell 'Discord'
 50860 | Zig:14   | XOM: confusion
 50861 | Zig:14   | Killed an ancient lich
 50864 | Zig:14   | XOM: noise
 50868 | Zig:14   | Killed an ancient lich
 50908 | Zig:14   | Identified the +1 ring mail of Kexki {Harm}
 50923 | Zig:14   | Identified the +4 pair of boots of the Thistle {Dex+2}
 50930 | Zig:14   | Identified the +4 halberd of Honyjohu {flame, rElec rC+}
 50934 | Zig:15   | Entered Level 15 of a ziggurat
 51015 | Zig:15   | Identified the amulet "Wolivicoli" {Faith rElec Will+ rCorr
                  | Str-2}
 51032 | Zig:15   | Identified the +7 rapier "Embalmer" {protect, rC+ rN+
                  | Will-}
 51034 | Zig:15   | Identified the +6 spear of Fuzzy Guilt {elec, Dex+4}
 51047 | Zig:16   | Entered Level 16 of a ziggurat
 51065 | Abyss:4  | Cast into level 4 of the Abyss (black draconian knight)
 51065 | Zig:16   | Escaped the Abyss
 51065 | Zig:16   | XOM: revert banishment
 51090 | Zig:16   | XOM: divination: magic mapping
 51112 | Zig:16   | XOM: cast spell 'Cause Fear'
 51200 | Zig:17   | Entered Level 17 of a ziggurat
 51222 | Zig:17   | Paralysed by an air elemental for 1 turns
 51226 | Zig:17   | Paralysed by an air elemental for 1 turns
 51228 | Zig:17   | Paralysed by an air elemental for 1 turns
 51231 | Zig:17   | Paralysed by an air elemental for 1 turns
 51246 | Zig:17   | XOM: potion effect (curing)
 51266 | Zig:17   | Identified the amulet "Hirruj" {Faith Harm rC- rCorr
                  | Stlth+}
 51289 | Depths:4 | Lost mutation: You are frail. (-10% HP) [potion of
                  | mutation]
 51289 | Depths:4 | Lost mutation: You sometimes lose the ability to drink
                  | potions when taking damage. [potion of mutation]
 51289 | Depths:4 | Lost mutation: You occasionally lose the ability to drink
                  | potions when taking damage. [potion of mutation]
 51289 | Depths:4 | Gained mutation: You are frail. (-10% HP) [potion of
                  | mutation]
 51289 | Depths:4 | Gained mutation: You expend magic power (3 MP) to
                  | strengthen your wands. [potion of mutation]
 51290 | Depths:4 | Lost mutation: Your magical capacity is low. (-10% MP)
                  | [potion of mutation]
 51290 | Depths:4 | Lost mutation: Your flesh is heat resistant. (rF+) [potion
                  | of mutation]
 51290 | Depths:4 | Lost mutation: You expend magic power (3 MP) to strengthen
                  | your wands. [potion of mutation]
 51290 | Depths:4 | Gained mutation: Your spells are a little harder to cast,
                  | but a little more powerful. [potion of mutation]
 51290 | Depths:4 | Gained mutation: You are partially covered in iridescent
                  | scales. (AC +2) [potion of mutation]
 51291 | Depths:4 | Lost mutation: You heal very quickly. [potion of mutation]
 51291 | Depths:4 | Lost mutation: You are frail. (-10% HP) [potion of
                  | mutation]
 51291 | Depths:4 | Lost mutation: Your spells are a little harder to cast, but
                  | a little more powerful. [potion of mutation]
 51291 | Depths:4 | Gained mutation: You are very dopey. (Int -4) [potion of
                  | mutation]
 51291 | Depths:4 | Gained mutation: You have an increased reservoir of magic.
                  | (+10% MP) [potion of mutation]
 51291 | Depths:4 | Gained mutation: You are agile. (Dex +4, Str/Int -1)
                  | [potion of mutation]
 51292 | Depths:4 | Lost mutation: You have an increased reservoir of magic.
                  | (+10% MP) [potion of mutation]
 51292 | Depths:4 | Lost mutation: Your muscles are very strong. (Str +8,
                  | Int/Dex -2) [potion of mutation]
 51292 | Depths:4 | Lost mutation: You are very dopey. (Int -4) [potion of
                  | mutation]
 51292 | Depths:4 | Lost mutation: A frigid envelope surrounds you and freezes
                  | all who hurt you. [potion of mutation]
 51292 | Depths:4 | Lost mutation: You are dopey. (Int -2) [potion of mutation]
 51292 | Depths:4 | Gained mutation: You have a somewhat thin skeletal
                  | structure. (Dex +2, Stealth+) [potion of mutation]
 51384 | Depths:3 | Bought a wand of roots (8) for 345 gold pieces
 51384 | Depths:3 | Bought 3 scrolls of revelation for 405 gold pieces
 51384 | Depths:3 | Bought a scroll of blinking for 135 gold pieces
 51643 | D:10     | Bought a scroll of enchant armour for 90 gold pieces
 51643 | D:10     | Bought a scroll of silence for 114 gold pieces
 51700 | D:9      | Bought a scroll of fog for 144 gold pieces
 51944 | Depths:1 | Bought the +9 scales of the Dragon King {rPois rF+ rC+
                  | Will+} for 2496 gold pieces
 51944 | Depths:1 | Found the +9 scales of the Dragon King {rPois rF+ rC+
                  | Will+}
 52061 | Depths:1 | XOM: divination: detect items
 52547 | D:10     | XOM: god gift: plate armour {god gift}
 52745 | Pan      | Entered Pandemonium
 52865 | Pan      | XOM: divination: detect items
 52952 | Pan      | XOM: scenery: 4 doors close
 52990 | Pan      | XOM: noise
 53066 | Pan      | Found an exit through the horrors of the Abyss.
 53340 | Pan      | XOM: enchant monster (good)
 53478 | Pan      | Noticed Ceahim the pandemonium lord
 53490 | Pan      | Killed Ceahim the pandemonium lord
 53571 | Pan      | Got a demonic rune of Zot
 53600 | Pan      | XOM: smoke on damage
 53666 | Pan      | XOM: noise
 53681 | Pan      | Noticed Haedur the pandemonium lord
 53689 | Pan      | XOM: summons 5 friendly demons
 53694 | Pan      | XOM: noise
 53705 | Pan      | XOM: potion effect (invisibility)
 53707 | Pan      | Killed Haedur the pandemonium lord
 53961 | Pan      | XOM: silly message
 54341 | Pan      | Found an exit through the horrors of the Abyss.
 54400 | Pan      | XOM: divination: magic mapping
 54453 | Pan      | XOM: fake destruction
 54466 | Pan      | XOM: summons 2 friendly demons
 54475 | Pan      | XOM: enchant monster (good)
 54477 | Pan      | Noticed Lutsuck the pandemonium lord
 54478 | Pan      | XOM: potion effect (brilliance)
 54496 | Pan      | Killed Lutsuck the pandemonium lord
 54498 | Pan      | XOM: divine lightning
 54509 | Pan      | XOM: 1-stop teleportation journey
 54540 | Pan      | Reached skill level 10 in Armour
 54748 | Pan      | XOM: god gift: potion of berserk rage
 54785 | Pan      | XOM: 2-stop teleportation journey
 54797 | Pan      | XOM: scenery: 2 doors close
 55033 | Pan      | Got an innocuous book
 55034 | Pan      | Upgraded the game from 0.31-a0-851-g7ff8af7 to
                  | 0.31-a0-853-gc9b61b7
 55200 | Pan      | XOM: god gift: 57 gold pieces
 55401 | Pan      | XOM: god gift: book of Death
 55414 | Pan      | XOM: potion effect (might)
 55451 | Pan      | XOM: summons 3 hostile demons
 55914 | Pan      | XOM: summons 9 hostile demons
 55917 | Pan      | XOM: 1-stop teleportation journey
 56058 | Pan      | XOM: potion effect (invisibility)
 56071 | Pan      | Noticed Yjitoin the pandemonium lord
 56093 | Pan      | Killed Yjitoin the pandemonium lord
 56123 | Pan      | XOM: destruction
 56260 | Pan      | Entered the realm of Mnoleg.
 56402 | Pan      | XOM: enchant monster (bad)
 56411 | Pan      | XOM: cleaving
 56494 | Pan      | Noticed Mnoleg
 56511 | Pan      | Paralysed by a floating eye for 3 turns
 56515 | Pan      | XOM: summons friendly quasit
 56518 | Pan      | Killed Mnoleg
 56551 | Pan      | Got a glowing rune of Zot
 56629 | Pan      | Identified the +0 ring mail of Understanding {rN++ Int-4}
 56680 | Pan      | Reached skill level 15 in Throwing
 56911 | Pan      | Noticed Maevyus the pandemonium lord
 56911 | Pan      | XOM: 2-stop teleportation journey
 56940 | Pan      | XOM: silly message
 57006 | Pan      | XOM: noise
 57068 | Pan      | Found an exit through the horrors of the Abyss.
 57099 | Pan      | XOM: noise
 57165 | Pan      | Killed Maevyus the pandemonium lord
 57309 | Pan      | XOM: god gift: 9 stones
 57583 | Pan      | XOM: confuse monster(s)
 57589 | Pan      | Noticed Piupin the pandemonium lord
 57602 | Pan      | Killed Piupin the pandemonium lord
 57627 | Pan      | XOM: divination: detect items
 57661 | Pan      | XOM: polymorph balrug -> reaper
 57894 | Pan      | XOM: cloud trail
 57954 | Pan      | XOM: summons 3 hostile shadow creatures
 58189 | Pan      | Noticed Cabonaxe the pandemonium lord
 58203 | Pan      | Killed Cabonaxe the pandemonium lord
 58304 | Pan      | XOM: silly message
 58559 | Pan      | XOM: swap monsters
 58574 | Pan      | XOM: summons 11 hostile demons
 58679 | Pan      | Learned a level 2 spell: Lesser Beckoning
 58949 | Pan      | Found an exit through the horrors of the Abyss.
 59062 | Pan      | XOM: summons 1 hostile demon
 59094 | Pan      | Found an exit through the horrors of the Abyss.
 59218 | Pan      | XOM: 1-stop teleportation journey
 59221 | Pan      | XOM: repel stairs
 59223 | Pan      | XOM: 8-stop teleportation journey
 59225 | Pan      | Noticed Feirphud the pandemonium lord
 59246 | Pan      | Killed Feirphud the pandemonium lord
 59250 | Pan      | XOM: silly message
 59339 | Pan      | XOM: summons friendly white imp
 59599 | Pan      | XOM: divination: detect creatures
 59897 | Pan      | Identified the amulet "Beco Bom" {RegenMP rElec rPois rC-
                  | Dex+2}
 59987 | Pan      | Identified the +2 long sword of Annoyance {venom, rF+
                  | Will+}
 60018 | Pan      | XOM: god gift: potion of cancellation
 60073 | Pan      | Noticed Kath the pandemonium lord
 60083 | Pan      | Killed Kath the pandemonium lord
 60083 | Pan      | XOM: scenery: 4 doors close
 60122 | Pan      | Identified the ring "Taegesun" {Fly Will- AC+4 Int+9
                  | Slay+3} (Xom gifted it to you in Pandemonium)
 60122 | Pan      | XOM: god gift: ring "Taegesun" {Fly Will- AC+4 Int+9
                  | Slay+3}
 60330 | Pan      | Found an exit through the horrors of the Abyss.
 60389 | Pan      | XOM: scenery: 6 doors close
 60580 | Pan      | XOM: polymorph balrug -> cacodemon
 60614 | Pan      | XOM: potion effect (invisibility)
 60698 | Pan      | Noticed Nehimazo the pandemonium lord
 60725 | Pan      | Killed Nehimazo the pandemonium lord
 60778 | Pan      | XOM: 1-stop teleportation journey
 60951 | Pan      | Identified the +4 trident "Guxuaq Odesh" {drain, MP+9} (Xom
                  | gifted it to you in Pandemonium)
 60951 | Pan      | XOM: god gift: +4 trident "Guxuaq Odesh" {drain, MP+9}
 61220 | Pan      | Found an exit through the horrors of the Abyss.
 61339 | Pan      | XOM: scenery: summon butterflies
 61430 | Pan      | XOM: god gift: wand of digging (5)
 61625 | Pan      | XOM: cleaving
 61639 | Pan      | Noticed Kalanlek the pandemonium lord
 61643 | Pan      | XOM: cleaving
 61645 | Pan      | XOM: cast spell 'Dispersal'
 61656 | Pan      | Killed Kalanlek the pandemonium lord
 62331 | Pan      | XOM: god gift: 26 gold pieces
 62339 | Pan      | Noticed Ginanaown the pandemonium lord
 62357 | Pan      | XOM: cleaving
 62358 | Pan      | Killed Ginanaown the pandemonium lord
 62363 | Pan      | XOM: summons 2 friendly demons
 62439 | Pan      | Found an exit through the horrors of the Abyss.
 62786 | Pan      | Identified the ring of Utiosuse {Wiz rC+ Will- rCorr SInv}
 62808 | Pan      | XOM: stat loss: -1 Str (44/45)
 62888 | Pan      | XOM: noise
 63240 | Pan      | XOM: chaos cloud
 63352 | Pan      | XOM: chaos cloud
 63369 | Pan      | Noticed Neuny the pandemonium lord
 63372 | Pan      | XOM: stat loss: -1 Str (44/45)
 63375 | Pan      | XOM: 4-stop teleportation journey
 63385 | Pan      | Killed Neuny the pandemonium lord
 63584 | Pan      | Entered the realm of Cerebov.
 63649 | Pan      | XOM: god gift: buckler {god gift}
 63653 | Pan      | XOM: summons friendly iron imp
 63655 | Pan      | XOM: confusion
 63750 | Pan      | XOM: 2-stop teleportation journey
 63763 | Pan      | XOM: 1-stop teleportation journey
 63911 | Pan      | Identified the amulet of Kadeper {Spirit Rampage Dex+4}
 63919 | Pan      | XOM: cleaving
 63930 | Pan      | XOM: polymorph sun demon -> sixfirhy
 63951 | Pan      | XOM: fog
 64084 | Pan      | Identified the +7 pearl dragon scales of the Mind {rElec
                  | rC- rN+ Will+}
 64111 | Pan      | Identified the +3 leather armour of Instinct {rElec rF+
                  | rN++ Str-3}
 64132 | Pan      | XOM: summons 3 friendly demons
 64137 | Pan      | XOM: cleaving
 64176 | Pan      | Identified the ring "Libaenol" {rF+ Will+}
 64222 | Pan      | Found the +6 sword of Cerebov {flame}
 64222 | Pan      | Noticed Cerebov
 64252 | Pan      | Killed Cerebov
 64271 | Pan      | Identified the +5 rapier of Hacking and Slashing {freeze,
                  | *Noise rPois MP+9 SInv}
 64306 | Pan      | Got a fiery rune of Zot
 64307 | Pan      | Identified the +3 quarterstaff "Laca" {chaos, rF- Str+7
                  | Int-5 SInv}
 64309 | Pan      | Identified the +5 scale mail "Xuhuon" {rElec Regen+ rCorr
                  | Str-3}
 64358 | Pan      | Identified the +4 long sword of the Establishment {spect,
                  | Dex+4}
 64428 | Pan      | XOM: divination: detect items
 64498 | Pan      | XOM: smoke on damage
 64525 | Pan      | XOM: god gift: 4 datura-tipped darts
 64724 | Pan      | XOM: stealth player
 64724 | Pan      | Found a transporter.
 64871 | Pan      | XOM: polymorph lorocyproca -> balrug
 64927 | Pan      | XOM: summons friendly quasit
 64986 | Pan      | Found a transporter.
 65033 | Pan      | XOM: fake destruction
 65133 | Pan      | XOM: polymorph demonspawn blood saint -> stone giant
 65507 | Pan      | XOM: cast spell 'Death Channel'
 65604 | Pan      | XOM: confuse monster(s)
 65655 | Pan      | Identified the ring of Salvation {Wiz Drain rElec rPois
                  | Will+++}
 65665 | Pan      | Identified the +0 scale mail of Avvugos {rElec}
 65666 | Pan      | Identified the ring of Caesho {Ice rElec Int+2}
 65694 | Pan      | Entered the realm of Lom Lobon.
 65784 | Pan      | XOM: silly message
 65849 | Pan      | XOM: potion effect (experience)
 65886 | Pan      | XOM: cloud trail
 65986 | Pan      | Found an exit through the horrors of the Abyss.
 66146 | Pan      | XOM: 1-stop teleportation journey
 66343 | Pan      | XOM: fake destruction
 66405 | Pan      | XOM: polymorph titan -> shapeshifter
 66505 | Pan      | Noticed Lom Lobon
 66508 | Pan      | XOM: god gift: wand of roots (1)
 66532 | Pan      | Killed Lom Lobon
 66583 | Pan      | Got a magical rune of Zot
 66702 | Pan      | Entered the realm of Gloorx Vloq.
 66816 | Pan      | Identified the +7 great mace of Classification {heavy,
                  | Dex+4}
 66854 | Pan      | XOM: summons 11 friendly demons
 66967 | Pan      | XOM: stat loss: -1 Dex (15/16)
 67127 | Pan      | XOM: summons friendly shadow imp
 67220 | Pan      | XOM: summons 7 friendly demons
 67245 | Pan      | XOM: god gift: wand of flame (13)
 67323 | Pan      | Noticed Gloorx Vloq
 67329 | Pan      | XOM: god gift: 44 gold pieces
 67380 | Pan      | XOM: cast spell 'Summon Cactus Giant'
 67398 | Pan      | XOM: stat loss: -1 Str (44/45)
 67449 | Pan      | XOM: confusion
 67453 | Pan      | XOM: divine lightning
 67461 | Pan      | Killed Gloorx Vloq
 67556 | Pan      | Got a dark rune of Zot
 67786 | Pan      | XOM: potion effect (might)
 67792 | Pan      | XOM: noise
 67843 | Pan      | XOM: enchant monster (bad)
 67984 | Pan      | XOM: polymorph shadow demon -> reaper
 67985 | Pan      | Noticed Tueniu the pandemonium lord
 67992 | Pan      | Killed Tueniu the pandemonium lord
 68397 | Pan      | Found a runed translucent door.
 68402 | Pan      | Found a runed translucent door.
 68409 | Pan      | Found a runed translucent door.
 68567 | Pan      | Found an exit through the horrors of the Abyss.
 68638 | Pan      | XOM: enchant monster (bad)
 68644 | Pan      | Identified the +3 ring mail "Nunuhu" {rN+ Will+ SInv}
 68816 | Pan      | XOM: summons 4 hostile shadow creatures
 68862 | Pan      | Noticed Bywuyqaps the pandemonium lord
 68871 | Pan      | Found a runed translucent door.
 68883 | Pan      | Killed Bywuyqaps the pandemonium lord
 68890 | Pan      | Identified the staff of Modern Courage {rElec rC+ SInv Air}
 68898 | Pan      | Identified the ring of Equivalence {rPois rC++ Stlth-}
 69317 | Pan      | Noticed Temm the pandemonium lord
 69323 | Pan      | Killed Temm the pandemonium lord
 69332 | Pan      | XOM: summons 3 hostile shadow creatures
 69643 | Pan      | XOM: cloud trail
 69769 | Pan      | XOM: divination: detect items
 69872 | Pan      | XOM: cloud trail
 70038 | Pan      | XOM: summons 5 friendly demons
 70074 | Pan      | XOM: god gift: buckler {god gift}
 70104 | Pan      | XOM: god gift: scroll of teleportation
 70173 | Pan      | XOM: 4-stop teleportation journey
 70257 | Pan      | Reached skill level 15 in Armour
 70420 | Pan      | Noticed Zisariu the pandemonium lord
 70424 | Pan      | XOM: confusion (+ monsters)
 70440 | Pan      | Killed Zisariu the pandemonium lord
 70444 | Pan      | XOM: summons 14 hostile demons
 70498 | Pan      | Found an exit through the horrors of the Abyss.
 70653 | Pan      | Reached skill level 27 in Unarmed Combat
 70676 | Pan      | XOM: chaos upgrade
 70678 | Pan      | XOM: silly message
 70696 | Pan      | XOM: fake destruction
 70767 | Pan      | XOM: noise
 70966 | Pan      | XOM: 1-stop teleportation journey
 70967 | Pan      | Noticed Cehuroapp the pandemonium lord
 70988 | Pan      | Killed Cehuroapp the pandemonium lord
 70992 | Pan      | XOM: 3-stop teleportation journey
 71001 | Pan      | Found an exit through the horrors of the Abyss.
 71085 | Pan      | XOM: enchant monster (bad)
 71367 | Pan      | XOM: confusion
 71691 | Pan      | Found a transporter.
 71802 | Pan      | XOM: silly message
 72058 | Pan      | XOM: noise
 72084 | Pan      | Found a transporter.
 72326 | Pan      | Found an exit through the horrors of the Abyss.
 72505 | Pan      | XOM: swap monsters
 72510 | Pan      | XOM: stat loss: -1 Str (44/45)
 72511 | Pan      | XOM: confusion
 72517 | Pan      | XOM: repel stairs
 72587 | Pan      | XOM: god gift: wand of acid (5)
 72597 | Pan      | Identified the +9 long sword "Koosmiud" {pain, Str+3}
 72604 | Pan      | Identified the ring "Xeasur" {rElec rC+++ Will- SInv
                  | Stlth-}
 72609 | Pan      | Identified the ring of Kuinon {rN+ Will+ AC+4 Str+3 SInv}
 72612 | Pan      | Upgraded the game from 0.31-a0-853-gc9b61b7 to
                  | 0.31-a0-854-g362426d
 72787 | Pan      | Found an exit through the horrors of the Abyss.
 72834 | Pan      | XOM: confusion
 72853 | Pan      | XOM: confusion (+ monsters)
 72857 | Pan      | Noticed Ruynn the pandemonium lord
 72858 | Pan      | XOM: enchant monster (good)
 72861 | Pan      | XOM: divination: detect creatures
 72894 | Pan      | XOM: divination: detect creatures
 72915 | Pan      | Killed Ruynn the pandemonium lord
 73265 | Pan      | Identified the +1 hat "Nomoz" {rPois Dex+2} (Xom gifted it
                  | to you in Pandemonium)
 73265 | Pan      | XOM: god gift: +1 hat "Nomoz" {rPois Dex+2}
 73267 | Pan      | XOM: noise
 73333 | Pan      | Noticed a seraph
 73333 | Pan      | XOM: divination: magic mapping
 73339 | Pan      | Identified the +10 dire flail of Resourcefulness {heavy,
                  | rC- Dex+6}
 73343 | Pan      | Killed a seraph
 73349 | Pan      | Found a glowing golden altar of the Shining One.
 73355 | Pan      | Identified the +1 glaive of Moderation {drain, +Blink
                  | Str+3}
 73364 | Pan      | Identified the +11 dagger of Equilibrium {pain, Stlth+}
 73389 | Depths:2 | Escaped Pandemonium
 73479 | Depths:2 | XOM: divination: detect creatures
 73499 | Hell     | Entered the Vestibule of Hell
 73499 | Hell     | Noticed Geryon
 73506 | Hell     | XOM: enchant monster (good)
 73511 | Hell     | Killed Geryon
 73521 | Hell     | XOM: potion effect (magic)
 73532 | Hell     | XOM: polymorph ice devil -> rust devil
 73633 | Hell     | XOM: fog
 73655 | Hell     | Found a gateway to the Iron City of Dis.
 73721 | Hell     | Found a gateway to the freezing wastes of Cocytus.
 73721 | Hell     | XOM: 8-stop teleportation journey
 73729 | Hell     | XOM: fog
 73755 | Hell     | XOM: polymorph shadow dragon -> alligator snapping turtle
 73757 | Hell     | XOM: potion effect (might)
 73758 | Hell     | XOM: enchant monster (good)
 73764 | Hell     | XOM: fog
 73812 | Hell     | Found a gateway to the decaying netherworld of Tartarus.
 73879 | Hell     | Found a gateway to the ashen valley of Gehenna.
 74041 | Tar:1    | Entered Level 1 of Tartarus
 74200 | Tar:2    | Reached skill level 1 in Transmutations
 74507 | Tar:3    | XOM: noise
 74537 | Tar:3    | XOM: fog
 74538 | Tar:3    | XOM: scenery: 1 doors close
 74545 | Tar:3    | Reached skill level 1 in Earth Magic
 74550 | Tar:3    | XOM: cleaving
 74605 | Tar:3    | XOM: scenery: 1 doors open, 2 doors close
 74730 | Tar:4    | XOM: noise
 74764 | Tar:4    | XOM: cleaving
 74765 | Tar:4    | XOM: cleaving
 74795 | Tar:4    | Noticed a dread lich
 74802 | Tar:4    | Killed a dread lich
 74945 | Tar:5    | XOM: stealth player
 75000 | Tar:5    | XOM: god gift: 52 gold pieces
 75185 | Tar:6    | XOM: cleaving
 75198 | Tar:6    | XOM: divination: magic mapping
 75388 | Tar:6    | XOM: divination: detect creatures
 75392 | Tar:6    | XOM: potion effect (brilliance)
 75502 | Tar:7    | Entered Level 7 of Tartarus
 75724 | Tar:7    | XOM: potion effect (might)
 75731 | Tar:7    | XOM: confuse monster(s)
 75732 | Tar:7    | XOM: cast spell 'Summon Ice Beast'
 75737 | Tar:7    | XOM: cast spell 'Summon Small Mammal'
 75749 | Tar:7    | XOM: confuse monster(s)
 75780 | Tar:7    | XOM: noise
 75781 | Tar:7    | Noticed Ereshkigal
 75791 | Tar:7    | Noticed an ancient lich
 75793 | Tar:7    | XOM: silly message
 75801 | Tar:7    | XOM: cast spell 'Summon Small Mammal'
 75811 | Tar:7    | Killed Ereshkigal
 75812 | Tar:7    | Reached skill level 15 in Translocations
 75816 | Tar:7    | Killed an ancient lich
 75884 | Tar:7    | XOM: confuse monster(s)
 75903 | Tar:7    | XOM: confuse monster(s)
 76149 | Tar:7    | Got a bone rune of Zot
 76364 | Tar:7    | Identified the ring "Weasm" {Will+ Dex+4 SInv}
 76380 | Tar:7    | XOM: summons friendly shadow imp
 76419 | Tar:7    | Noticed an ancient lich
 76426 | Tar:7    | Killed an ancient lich
 76588 | Tar:7    | XOM: scenery: 1 doors close
 76626 | Tar:7    | Identified the +10 glaive of the Forest {flame, rPois}
 76627 | Tar:7    | Identified the +10 morningstar "Ozefos" {protect, Str+4}
 76854 | Tar:7    | Noticed a dread lich
 76860 | Tar:7    | Killed a dread lich
 77017 | Geh:1    | Entered Level 1 of Gehenna
 77018 | Geh:1    | Noticed a dread lich
 77046 | Geh:1    | XOM: potion effect (invisibility)
 77056 | Geh:1    | Killed a dread lich
 77150 | Geh:1    | XOM: cast spell 'Call Canine Familiar'
 77152 | Geh:1    | XOM: noise
 77250 | Geh:1    | XOM: scenery: 1 doors close
 77374 | Geh:2    | XOM: polymorph hell hog -> rakshasa
 77642 | Geh:3    | XOM: enchant monster (good)
 77717 | Geh:3    | You are sucked into a shaft and drop 2 floors!
 77977 | Geh:6    | XOM: 3-stop teleportation journey
 78131 | Geh:6    | XOM: enchant monster (good)
 78138 | Geh:6    | XOM: scenery: create altars
 78215 | Geh:7    | Entered Level 7 of Gehenna
 78326 | Geh:7    | XOM: cast spell 'Summon Dragon'
 78589 | Geh:7    | XOM: smoke on damage
 78998 | Geh:7    | XOM: summons 1 hostile demon
 79024 | Geh:7    | Reached skill level 15 in Spellcasting
 79054 | Geh:7    | Identified the ring "Heupt" {MP+9 Str+2}
 79056 | Geh:7    | Identified the ring of Yblerear {rPois rF+++ Will+ Str+6
                  | Slay-5}
 79124 | Geh:7    | XOM: noise
 79159 | Geh:7    | Found the +13 sceptre of Asmodeus
 79159 | Geh:7    | Noticed Asmodeus
 79181 | Geh:7    | Killed Asmodeus
 79256 | Geh:7    | Got an obsidian rune of Zot
 79260 | Geh:7    | Identified the +5 flail of the Feral God {heavy, rC+ Str+4
                  | Dex-2}
 79457 | Coc:1    | Entered Level 1 of Cocytus
 79464 | Coc:1    | XOM: potion effect (invisibility)
 79607 | Coc:2    | Paralysed by a wendigo for 1 turns
 79772 | Coc:3    | XOM: silly message
 79788 | Coc:3    | Paralysed by a wendigo for 1 turns
 79887 | Coc:4    | XOM: potion effect (might)
 80033 | Coc:5    | XOM: silly message
 80132 | Coc:6    | XOM: divination: detect items
 80143 | Coc:6    | XOM: polymorph Ice Fiend -> Hell Sentinel
 80153 | Coc:6    | XOM: polymorph Hell Sentinel -> Tzitzimitl
 80155 | Hell     | XOM: stat loss: -1 Str (41/42)
 80328 | Pan      | Entered Pandemonium
 80553 | Pan      | XOM: confusion
 80553 | Pan      | Noticed Murops the pandemonium lord
 80555 | Pan      | XOM: summons 7 hostile demons
 80576 | Pan      | Killed Murops the pandemonium lord
 80605 | Pan      | XOM: noise
 80712 | Pan      | XOM: enchant monster (bad)
 80808 | Pan      | XOM: 1-stop teleportation journey
 81139 | Pan      | XOM: blink monster(s)
 81223 | Pan      | Noticed Motz the pandemonium lord
 81224 | Pan      | XOM: summons 12 hostile demons
 81232 | Pan      | Killed Motz the pandemonium lord
 81393 | Pan      | Found an exit through the horrors of the Abyss.
 81470 | Pan      | Took an exit into the Abyss.
 81470 | Abyss:4  | Escaped into the Abyss
 81480 | Depths:2 | Escaped the Abyss
 81648 | Coc:6    | XOM: summons friendly iron imp
 81747 | Coc:7    | Entered Level 7 of Cocytus
 81803 | Coc:7    | XOM: chaos cloud
 81855 | Coc:7    | Noticed the Serpent of Hell
 81886 | Coc:7    | XOM: silly message
 81887 | Coc:7    | XOM: enchant monster (good)
 81891 | Coc:7    | XOM: confusion (+ monsters)
 81898 | Coc:7    | XOM: summons friendly white imp
 81901 | Coc:7    | Killed the Serpent of Hell
 81901 | Coc:7    | XOM: blink monster(s)
 81902 | Coc:7    | XOM: summons 2 hostile shadow creatures
 81905 | Coc:7    | XOM: enchant monster (bad)
 81912 | Coc:7    | XOM: chaos cloud
 81915 | Coc:7    | Paralysed by you for 2 turns
 81921 | Coc:7    | XOM: divination: detect creatures
 81961 | Coc:7    | XOM: fog
 82033 | Coc:7    | XOM: cleaving
 82047 | Coc:7    | Paralysed by a wendigo for 1 turns
 82182 | Coc:7    | XOM: 2-stop teleportation journey
 82184 | Coc:7    | XOM: fog
 82418 | Coc:7    | XOM: 3-stop teleportation journey
 82429 | Coc:7    | Paralysed by a wendigo for 1 turns
 82438 | Coc:7    | Paralysed by a wendigo for 1 turns
 82575 | Coc:7    | XOM: enchant monster (bad)
 82657 | Coc:7    | XOM: 2-stop teleportation journey
 82683 | Coc:7    | Noticed Antaeus
 82703 | Coc:7    | Killed Antaeus
 82735 | Coc:7    | Identified the +3 shortbow of Jeloygytha {speed, rPois
                  | rC+++ Will- Stlth+}
 82742 | Coc:7    | Got an icy rune of Zot
 82853 | Coc:7    | XOM: fog
 82958 | Dis:1    | Entered Level 1 of the Iron City of Dis
 83030 | Dis:1    | XOM: divination: detect items
 83079 | Dis:2    | XOM: cast spell 'Discord'
 83185 | Dis:2    | XOM: blink monster(s)
 83186 | Dis:2    | XOM: enchant monster (bad)
 83186 | Dis:2    | XOM: smoke on damage
 83249 | Dis:2    | XOM: noise
 83327 | Dis:3    | XOM: enchant monster (good)
 83335 | Dis:3    | XOM: noise
 83341 | Dis:3    | XOM: summons 2 friendly demons
 83346 | Dis:3    | XOM: enchant monster (good)
 83347 | Dis:3    | XOM: confuse monster(s)
 83627 | Dis:5    | XOM: noise
 83628 | Dis:5    | XOM: potion effect (haste)
 83631 | Dis:5    | XOM: enchant monster (good)
 83721 | Dis:5    | XOM: noise
 83904 | Dis:6    | XOM: enchant monster (good)
 83916 | Dis:6    | XOM: chaos cloud
 83919 | Dis:6    | XOM: enchant monster (bad)
 83929 | Hell     | XOM: silly message
 84001 | Hell     | XOM: summons friendly white imp
 84010 | Hell     | XOM: confusion
 84022 | Hell     | XOM: polymorph iron giant -> rockslime
 84023 | Hell     | XOM: polymorph rockslime -> shard shrike
 84074 | Hell     | XOM: polymorph white imp -> ufetubus
 84075 | Hell     | XOM: silly message
 84388 | Dis:7    | Entered Level 7 of the Iron City of Dis
 84484 | Dis:7    | Noticed a juggernaut
 84484 | Dis:7    | XOM: 2-stop teleportation journey
 84487 | Dis:7    | XOM: blink monster(s)
 84489 | Dis:7    | Noticed a juggernaut
 84491 | Dis:7    | Killed a juggernaut
 84493 | Dis:7    | XOM: enchant monster (bad)
 84509 | Dis:7    | XOM: silly message
 84568 | Dis:7    | XOM: potion effect (might)
 84856 | Dis:7    | XOM: noise
 84870 | Dis:7    | XOM: silly message
 84919 | Dis:7    | Killed a juggernaut
 84929 | Dis:7    | XOM: divination: detect items
 84935 | Dis:7    | XOM: silly message
 84945 | Dis:7    | XOM: cast spell 'Summon Mana Viper'
 85022 | Dis:7    | XOM: noise
 85140 | Dis:7    | XOM: cast spell 'Summon Mana Viper'
 85177 | Dis:7    | XOM: 4-stop teleportation journey
 85405 | Dis:7    | XOM: swap monsters
 85490 | Dis:7    | Noticed a juggernaut
 85501 | Dis:7    | Killed a juggernaut
 85556 | Dis:7    | XOM: confusion (+ monsters)
 85557 | Dis:7    | XOM: confuse monster(s)
 85560 | Dis:7    | XOM: summons friendly iron imp
 85566 | Dis:7    | XOM: summons friendly white imp
 85569 | Dis:7    | XOM: confuse monster(s)
 85606 | Dis:7    | Noticed Dispater
 85627 | Dis:7    | Killed Dispater
 85628 | Dis:7    | XOM: confuse monster(s)
 85633 | Dis:7    | Found the +8 trishula "Condemnation" {holy, anguish, *Noise
                  | Fly rN+}
 85647 | Dis:7    | Got an iron rune of Zot
 85648 | Dis:7    | Identified the ring of Weuc {Fire rElec Will- Str+2 SInv}
 85653 | Dis:7    | Got a dusty book
 85899 | Dis:7    | XOM: god gift: 29 gold pieces
 86630 | Tomb:1   | Entered Level 1 of the Tomb of the Ancients
 86987 | Tomb:1   | Noticed a royal mummy
 86987 | Tomb:1   | Noticed a royal mummy
 86997 | Tomb:1   | Noticed a royal mummy
 87002 | Tomb:1   | Killed a royal mummy
 87142 | Tomb:2   | Noticed a royal mummy
 87144 | Tomb:2   | Noticed a royal mummy
 87150 | Tomb:2   | Noticed a royal mummy
 87155 | Tomb:2   | Killed a royal mummy
 87185 | Tomb:2   | Noticed a royal mummy
 87196 | Tomb:2   | Killed a royal mummy
 87204 | Tomb:2   | XOM: potion effect (might)
 87206 | Tomb:2   | Killed a royal mummy
 87212 | Tomb:2   | Killed a royal mummy
 87373 | Tomb:2   | XOM: fake destruction
 87460 | Tomb:1   | Noticed a royal mummy
 87467 | Tomb:1   | Killed a royal mummy
 87475 | Tomb:1   | Killed a royal mummy
 87483 | Tomb:1   | Noticed a royal mummy
 87486 | Tomb:1   | Noticed a royal mummy
 87496 | Tomb:1   | XOM: noise
 87497 | Tomb:1   | Killed a royal mummy
 87503 | Tomb:1   | Noticed a royal mummy
 87504 | Tomb:1   | Noticed a royal mummy
 87510 | Tomb:1   | Killed a royal mummy
 87512 | Tomb:1   | XOM: potion effect (heal wounds)
 87525 | Tomb:1   | Killed a royal mummy
 87527 | Tomb:1   | XOM: divination: detect items
 87529 | Tomb:1   | Killed a royal mummy
 87529 | Tomb:1   | XOM: cast spell 'Summon Dragon'
 87530 | Tomb:1   | Noticed a royal mummy
 87532 | Tomb:1   | Killed a royal mummy
 87540 | Tomb:1   | Killed a royal mummy
 87541 | Tomb:1   | Noticed a royal mummy
 87545 | Tomb:1   | Killed a royal mummy
 87636 | Tomb:1   | XOM: god gift: scroll of blinking
 87800 | Tomb:1   | Noticed a royal mummy
 87803 | Tomb:1   | Noticed a royal mummy
 87803 | Tomb:1   | Noticed a royal mummy
 87804 | Tomb:1   | XOM: enchant monster (good)
 87810 | Tomb:1   | Killed a royal mummy
 87814 | Tomb:1   | Killed a royal mummy
 87821 | Tomb:1   | Noticed a royal mummy
 87824 | Tomb:1   | XOM: confusion (+ monsters)
 87827 | Tomb:1   | Noticed a royal mummy
 87830 | Tomb:1   | Killed a royal mummy
 87834 | Tomb:1   | XOM: silly message
 87837 | Tomb:1   | Killed a royal mummy
 87840 | Tomb:1   | XOM: enchant monster (bad)
 87841 | Tomb:1   | Killed a royal mummy
 87864 | Tomb:1   | Noticed a royal mummy
 87864 | Tomb:1   | Noticed a royal mummy
 87865 | Tomb:1   | Noticed a royal mummy
 87870 | Tomb:1   | XOM: enchant monster (bad)
 87875 | Tomb:1   | Killed a royal mummy
 87879 | Tomb:1   | Killed a royal mummy
 87886 | Tomb:1   | Killed a royal mummy
 87931 | Tomb:2   | XOM: fog
 87933 | Tomb:2   | XOM: scenery: summon butterflies
 87937 | Tomb:2   | XOM: enchant monster (good)
 87957 | Tomb:2   | XOM: noise
 87967 | Tomb:2   | XOM: summons 2 friendly demons
 87968 | Tomb:2   | XOM: swap monsters
 87976 | Tomb:2   | XOM: divination: detect items
 87985 | Tomb:2   | XOM: cast spell 'Leda's Liquefaction'
 87992 | Tomb:2   | XOM: silly message
 88048 | Tomb:3   | Entered Level 3 of the Tomb of the Ancients
 88091 | Tomb:3   | XOM: cast spell 'Leda's Liquefaction'
 88102 | Tomb:3   | XOM: cast spell 'Chain of Chaos'
 88111 | Tomb:3   | Noticed a royal mummy
 88118 | Tomb:3   | Killed a royal mummy
 88139 | Tomb:3   | Noticed a royal mummy
 88148 | Tomb:3   | XOM: scenery: 1 doors open
 88150 | Tomb:3   | Killed a royal mummy
 88152 | Tomb:3   | XOM: potion effect (might)
 88159 | Tomb:3   | XOM: enchant monster (good)
 88162 | Tomb:3   | XOM: scenery: create altars
 88242 | Tomb:3   | Noticed a royal mummy
 88251 | Tomb:3   | Killed a royal mummy
 88268 | Tomb:3   | Noticed a royal mummy
 88275 | Tomb:3   | Killed a royal mummy
 88279 | Tomb:3   | Noticed a royal mummy
 88279 | Tomb:3   | Noticed a royal mummy
 88279 | Tomb:3   | XOM: 2-stop teleportation journey
 88286 | Tomb:3   | XOM: fog
 88287 | Tomb:3   | Reached skill level 27 in Shields
 88288 | Tomb:3   | Killed a royal mummy
 88309 | Tomb:3   | Noticed a royal mummy
 88311 | Tomb:3   | XOM: god gift: sack of spiders
 88318 | Tomb:3   | XOM: summons 8 friendly demons
 88323 | Tomb:3   | Noticed a royal mummy
 88323 | Tomb:3   | Noticed a royal mummy
 88325 | Tomb:3   | Killed a royal mummy
 88328 | Tomb:3   | Killed a royal mummy
 88331 | Tomb:3   | XOM: confuse monster(s)
 88335 | Tomb:3   | Killed a royal mummy
 88336 | Tomb:3   | XOM: destruction
 88343 | Tomb:3   | XOM: summons friendly ufetubus
 88345 | Tomb:3   | XOM: enchant monster (good)
 88348 | Tomb:3   | XOM: blink monster(s)
 88355 | Tomb:3   | Killed a royal mummy
 88424 | Tomb:3   | Got a golden rune of Zot
 88533 | Tomb:3   | Found the +8 autumn katana {manifold assault}
 88535 | Tomb:3   | Found the +7 hand cannon "Mule" {flame, backblast, rF+}
 88537 | Tomb:3   | Found the +8 arc blade {discharge, rElec}
 88555 | Tomb:3   | Identified the ring "Vageav" {rF+ Int+4}
 88597 | Tomb:3   | Identified the ring of Alool {rPois rF+ rN+ Str-4 Stlth+}
 88598 | Tomb:3   | Identified the quicksilver dragon scales of Restlessness
                  | {rF+ rN+ Will+ Int+4}
 88600 | Tomb:3   | Identified the ring "Elifo" {AC+4 Int+2 SInv}
 88621 | Tomb:3   | Identified the staff "Gose" {Contam rPois Int+8 SInv Stlth+
                  | Poison}
 88623 | Tomb:3   | Identified the +2 falchion of Olufoiq {flame, Dex+5}
 88807 | Tomb:3   | Identified the +5 hand axe of Yrghea {heavy, Int+3 Dex+2}
 88959 | Tomb:1   | Noticed a royal mummy
 88965 | Tomb:1   | Killed a royal mummy
 88972 | Tomb:1   | Noticed a royal mummy
 88986 | Tomb:1   | Killed a royal mummy
 89516 | Zot:3    | XOM: cleaving
 89545 | Zot:3    | XOM: polymorph red draconian -> wolf spider
 89570 | Zot:3    | XOM: noise
 89615 | Zot:3    | XOM: fog
 89687 | Zot:3    | XOM: cloud trail
 89733 | Zot:3    | XOM: potion effect (heal wounds)
 89757 | Zot:3    | XOM: divination: detect creatures
 89870 | Zot:3    | Noticed an orb of fire
 89883 | Zot:3    | XOM: potion effect (attraction)
 89884 | Zot:3    | Killed an orb of fire
 89888 | Zot:3    | XOM: noise
 90202 | Zot:3    | Noticed an ancient lich
 90211 | Zot:3    | Killed an ancient lich
 90541 | Zot:4    | XOM: cleaving
 90565 | Zot:4    | XOM: fake destruction
 90582 | Zot:4    | XOM: fog
 90587 | Zot:4    | XOM: divination: detect items
 90589 | Zot:4    | XOM: summons 2 friendly demons
 90622 | Zot:4    | XOM: polymorph yellow draconian -> queen bee
 90775 | Zot:4    | XOM: cloud trail
 91236 | Zot:5    | Entered Level 5 of the Realm of Zot
 91271 | Zot:5    | XOM: enchant monster (good)
 91406 | Zot:5    | Found a transporter.
 91406 | Zot:5    | Noticed foff's ghost (master DEFi)
 91432 | Zot:5    | Found a transporter.
 91483 | Zot:5    | Noticed an orb of fire
 91529 | Zot:5    | XOM: god gift: scroll of teleportation
 91666 | Zot:5    | XOM: summons 4 hostile shadow creatures
 91722 | Zot:5    | XOM: polymorph Orb Guardian -> glowing shapeshifter
 91805 | Zot:5    | XOM: potion effect (magic)
 91827 | Zot:5    | XOM: confuse monster(s)
 91849 | Zot:5    | XOM: divination: detect creatures
 91854 | Zot:5    | XOM: potion effect (invisibility)
 91881 | Zot:5    | Noticed a dread lich
 91890 | Zot:5    | Killed a dread lich
 91903 | Zot:5    | XOM: silly message
 92158 | Zot:5    | XOM: enchant monster (good)
 92159 | Zot:5    | XOM: potion effect (brilliance)
 92202 | Zot:5    | Noticed an orb of fire
 92209 | Zot:5    | Noticed an ancient lich
 92212 | Zot:5    | Noticed an orb of fire
 92212 | Zot:5    | Noticed an orb of fire
 92217 | Zot:5    | Noticed an orb of fire
 92219 | Zot:5    | XOM: divination: detect creatures
 92219 | Zot:5    | Noticed an ancient lich
 92225 | Zot:5    | Killed an orb of fire
 92225 | Zot:5    | Noticed an orb of fire
 92304 | Zot:5    | XOM: potion effect (haste)
 92355 | Zot:5    | XOM: swap monsters
 92383 | Zot:5    | Noticed an ancient lich
 92386 | Zot:5    | XOM: confusion (+ monsters)
 92393 | Zot:5    | Noticed an ancient lich
 92395 | Zot:5    | Killed an orb of fire
 92398 | Zot:5    | XOM: chaos upgrade
 92399 | Zot:5    | Killed an ancient lich
 92402 | Zot:5    | XOM: chaos cloud
 92403 | Zot:5    | Killed an ancient lich
 92411 | Zot:5    | Killed an ancient lich
 92415 | Zot:5    | Paralysed by you for 5 turns
 92436 | Zot:5    | Killed an orb of fire
 92455 | Zot:5    | Killed an orb of fire
 92464 | Zot:5    | Killed an orb of fire
 92479 | Zot:5    | Killed an ancient lich
 92793 | Zot:5    | XOM: silly message
 92803 | Zot:5    | XOM: summons 4 hostile demons
 92825 | Zot:5    | XOM: chaos cloud
 92836 | Zot:5    | Got the Orb of Zot
 92894 | Zot:2    | Noticed Noimeod the pandemonium lord
 92904 | Zot:2    | Killed Noimeod the pandemonium lord
 93073 | D:12     | XOM: confusion
 93083 | D:12     | Noticed a seraph
 93144 | D:9      | XOM: smoke on damage
 93153 | D:9      | Noticed Ginludgh the pandemonium lord
 93183 | D:7      | Noticed Zuoxal the pandemonium lord
 93345 | D:1      | Noticed Ymomel the pandemonium lord
 93351 | D:1      | Killed Ymomel the pandemonium lord
 93409 | D:$      | Escaped with the Orb!

Illustrated notes

Levels and vault maps discovered:
D:1:      psy_arrival_dodecagon, layout_loops_ring, serial_shops, shop,
          minmay_misc_feat_diagonals
D:2:      layout_loops_corners, kennysheep_generic_room_15, uniq_sigmund,
          uniq_natasha
D:3:      layout_rooms, basic_ecumenical_altar, serial_bayou_pond_a,
          serial_bayou_lagoon_b
D:4:      layout_rooms, nicolae_yredelemnul_ghost_church,
          gammafunk_temple_overflow_elements
D:5:      layout_rooms, kennysheep_mini_moat
D:6:      layout_layer_cave, nicolae_tso_swordbearing_angel,
          lemuel_temple_firewalk_a, chequers_mini_garden, chequers_jeans,
          uniq_crazy_yiuf_cottage
D:7:      layout_basic, mainiacjoe_overflow_boulevard, ebering_ghost_inner_flame
D:8:      layout_basic, kennysheep_vampire_church, zin_statuary,
          hellmonk_lair_entry_icy, gammafunk_ghost_cemetery
D:9:      layout_basic, lemuel_round_altar, hiddenorc2_lemuel, serial_shops,
          shop_fountains, enter_bailey_6, gammafunk_ghost_necromancy,
          uniq_jeremiah
D:10:     layout_loops_ring, serial_shops, shop, minmay_mirror_moons_of_madness
D:11:     layout_gridville, serial_shops, nicolae_stop_n_shop_2,
          chequers_decorated_corner
D:12:     layout_irregular_city, minmay_the_grid_square_5x5_3x3_mashed
          [minmay_the_grid_square_5x5_z,
          minmay_the_grid_square_5x5_sharp_hourglass,
          minmay_the_grid_square_5x5_trominoes,
          minmay_the_grid_square_5x5_detours,
          minmay_the_grid_square_5x5_megaprize_crossed,
          minmay_the_grid_square_5x5_dogpile,
          minmay_the_grid_square_5x5_tetrominoes,
          minmay_the_grid_square_5x5_checkered_statues,
          minmay_the_grid_square_5x5_inverted_slash]
D:13:     layout_stronghold, david_vaults_2, serial_shops, shop,
          nicolae_stop_n_shop_1, nicolae_take_the_stairs, shop,
          nicolae_two_hexagons, uniq_erolcha, uniq_jorgrun
D:14:     layout_loops_ring, serial_bayou_pond_d, serial_shops, shop,
          nicolae_ru_path_of_blood, uniq_rupert
D:15:     gammafunk_depths_entry_grave, layout_long_grid,
          nicolae_trove_entry_columns, nicolae_eternal_life,
          lightli_fourway_metalbox
Temple:   dshaligram_water_room_temple
Lair:1:   layout_misc_corridors, gauntlet_entry_generic, serial_bayou_lagoon_a,
          grunt_megastairs_4, uniq_joseph
Lair:2:   layout_regular_city
Lair:3:   layout_gridlike, minmay_shoals_entry_centaurs,
          hellmonk_spider_entry_not_the_bees, minivault_25, uniq_sonja
Lair:4:   layout_regular_city, slime_entry_1, st_stairs_7
Lair:5:   wormcave, layout_loops_ring, guppyfry_lair_end_dragon,
          pdpol_lair_cavern_descent
Shoals:1: layout_shoals, serial_shops, shop
Shoals:2: layout_shoals, gammafunk_ghost_berserking_beasts, uniq_polyphemus
Shoals:3: layout_shoals, st_sunken_temple
Shoals:4: shoals_end_grunt_ice, layout_shoals, serial_shops,
          nicolae_shop_industrial_runoff
Spider:1: layout_spider_delve
Spider:2: layout_spider_delve, hangedman_spider_tarantella_strand
Spider:3: layout_spider_delve, drop_trap
Spider:4: grunt_spider_rune_circles, uniq_louise
Slime:1:  layout_caves, cheibrodos_slime_lost_civilization_7
Slime:2:  layout_caves
Slime:3:  cheibrodos_slime_lost_civilization_2, layout_caves
Slime:4:  layout_caves
Slime:5:  slime_pit_nicolae_block_by_block
Orc:1:    layout_caves, nicolae_orc_bridge_out
Orc:2:    st_orc_elflike, layout_caves, portal_ice_cave_entry_imps,
          uniq_josephine
Elf:1:    elf_arrival_001, layout_rooms, serial_shops, nicolae_lakefront_shop,
          nicolae_shop_pleasant_corner_grove, shop,
          nicolae_shop_pleasant_corner_grove, minmay_elf_necromancy,
          lemuel_upstairs_altar, roderic_lattice_octagonal_star, uniq_agnes
Elf:2:    elven_hall_of_blades_hangedman_alternative
          [nicolae_blade_entry_sentries_behind_glass], layout_gridlike,
          portal_desolation_entry_nicolae_menacing_earthworks, minmay_shop_star
Elf:3:    minmay_elf_hall_not_hex, layout_geoelf_grid, nicolae_custom_books,
          uniq_roxanne
Vaults:1: grunt_vaults_hallway_long, nicolae_vaults_circle_grid_a,
          nicolae_vaults_more_shelving_2, vaults_room_fours,
          nicolae_vaults_wrenched, nicolae_vaults_trapezoid_2,
          nicolae_vaults_two_Ls, nicolae_vaults_little_ls,
          layout_vaults_quadrants
Vaults:2: grunt_vaults_trifunnel, nicolae_vaults_asterisk,
          vaults_room_ringed_pool, nicolae_vaults_three_branches,
          hangedman_vaults_nodes, vaults_mumra_minichess,
          nicolae_vaults_off_center_swirl, nicolae_vaults_tetromino_L_1,
          nicolae_vaults_storage_room_water, nicolae_vaults_little_squares_3,
          nicolae_vaults_tetromino_L_1, layout_vaults_omnicross
Vaults:3: v_alt_pattern_5, nicolae_vaults_triangles, hangedman_vaults_maws,
          minmay_crypt_entry_simple_box, nicolae_vaults_weapon_check,
          nicolae_vaults_puzzle_piece, ontoclasm_vaults_decontamination,
          nicolae_vaults_network_star, v_misc_8, vaults_room_pool,
          layout_vaults_omnibox, uniq_mennas, uniq_zenata
Vaults:4: ontoclasm_vaults_gallery, vaults_mumra_hex, v_misc_16, v_misc_2,
          nicolae_vaults_circle_grid_a, nicolae_vaults_mitosis,
          nicolae_vaults_tetromino_L_2, ontoclasm_vaults_ring_small,
          nicolae_vaults_trapezoid_4, nicolae_vaults_what_the_h,
          dpeg_vaults_monster_row, vaults_room_pool, v_pattern_1,
          layout_vaults_maze_bifur
Vaults:5
Crypt:1:  layout_regular_city, uniq_donald, uniq_saint_roka
Crypt:2:  layout_basic, uniq_josephina
Crypt:3:  church_of_pain_bobbens, layout_chaotic_city,
          nicolae_tomb_entry_rubble_hallway, nicolae_letterblocks
          [nicolae_letter_subblock, nicolae_letter_subblock,
          nicolae_letter_subblock, nicolae_letter_subblock,
          nicolae_letter_subblock, nicolae_letter_subblock,
          nicolae_letter_subblock, nicolae_letter_subblock,
          nicolae_letter_subblock, nicolae_letter_subblock,
          nicolae_letter_subblock, nicolae_letter_subblock,
          nicolae_letter_subblock, nicolae_letter_subblock,
          nicolae_letter_subblock, nicolae_letter_subblock,
          nicolae_letter_subblock, nicolae_letter_subblock,
          nicolae_letter_subblock, nicolae_letter_subblock,
          nicolae_letter_subblock, nicolae_letter_subblock,
          nicolae_letter_subblock, nicolae_letter_subblock,
          nicolae_letter_subblock]
Tomb:1
Tomb:2
Tomb:3
Depths:1: minmay_four_inscribed_fans, layout_cave_pools, minmay_room_of_horrors,
          serial_shops, nicolae_shop_rolling_square,
          nicolae_inconvenience_store, shop, nicolae_shop_trees, hell_entry,
          lemuel_angel_altar, uniq_mara
Depths:2: minmay_swirls_squares, layout_gridlike, elyvilon_altar_5, abyss_entry,
          hangedman_geh_valley, pan_entry, lemuel_another_geyser,
          minmay_staircase_windowed_small, serial_bayou_shore_b,
          minmay_shop_grove
Depths:3: minmay_five_octagons, layout_basic, serial_shops,
          nicolae_shop_tiny_real_fake_doors, nicolae_shop_trees,
          nicolae_stop_n_shop_1, shop, grunt_hell_horde, abyss_entry,
          infiniplex_staircase_pillars_3a, uniq_margery
Depths:4: grunt_twist_and_shout, layout_gridlike, enter_ziggurat_e,
          nicolae_vehumet_altar_sigil, hell_entry, abyss_entry_crystal
Hell
Dis:1:    layout_subdivisions
Dis:2:    layout_regular_city
Dis:3:    layout_gridville
Dis:4:    layout_subdivisions, nicolae_dis_strange_trophy_room
Dis:5:    layout_regular_city, nrook_loot_triangle
Dis:6:    layout_regular_city, nicolae_dis_metal_lava_thing
Dis:7:    dis_grunt_layers
Geh:1:    layout_gehenna_pools_box, lemuel_flamethrower_3
Geh:2:    layout_gehenna_lava_caves
Geh:3:    layout_gehenna_pools_basic
Geh:5:    layout_gehenna_lava_caves
Geh:6:    layout_gehenna_pools_triple
Geh:7:    geh_mu
Coc:1:    layout_cocytus_water_paths
Coc:2:    layout_cocytus_water_paths
Coc:3:    layout_ice_bergs
Coc:4:    layout_cocytus_water_paths, nicolae_hells_seeping_fissure
Coc:5:    layout_cocytus_water_paths
Coc:6:    layout_cocytus_water_paths
Coc:7:    coc_hangedman
Tar:1:    layout_grid_maze
Tar:2:    layout_catacombs
Tar:3:    layout_grid_maze
Tar:4:    layout_grid_maze
Tar:5:    layout_catacombs
Tar:6:    layout_catacombs
Tar:7:    tar_grunt_cathedral
Zot:1:    layout_onion, hangedman_elemental_corridor
Zot:2:    grunt_zot_stairs_mandelzot, layout_misc_corridors,
          gammafunk_ghost_mausoleum, zot_minivault_4
Zot:3:    ebering_greatest_show_in_zot, layout_twisted_circle,
          grunt_ministairs_2
Zot:4:    layout_onion, grunt_megastairs_2
Zot:5:    layout_gridlike, gammafunk_ghost_arena, nrook_zot_tub

Skill      XL: |  1  2  3  4  5  6  7  8  9 10 11 12 13 14 15 16 17 18 19 20 21 22 23 24 25 26 27 |
---------------+----------------------------------------------------------------------------------+-----
Throwing       | 2 3 5 6 7 8 9 22 | 22.0
Shapeshifting  | 1 2 4 5 6 8 9 10 11 12 13 14 16 18 20 21 | 21.0
Dodging        | 3 4 5 6 7 8 9 10 12 13 15 16 17 19 | 19.0
Fighting       | 2 3 5 6 7 8 9 10 11 12 13 14 15 16 17 26 | 26.3
Unarmed Combat | 5 6 7 9 10 12 14 15 16 17 18 20 22 27 | 27.0
Shields        | 1 3 6 10 11 12 14 15 16 17 27 | 27.0
Evocations     | 2 4 5 6 |  6.1
Armour         | 5 7 8 22 | 22.4
Translocations | 2 4 5 6 7 8 9 10 19 | 19.8
Air Magic      | 2 3 4 6 7 |  7.0
Spellcasting   | 2 3 4 5 6 7 8 9 10 18 | 18.3
Transmutations | 3 |  3.0
Earth Magic    | 3 |  3.0

Action                     |  1- 3 |  4- 6 |  7- 9 | 10-12 | 13-15 | 16-18 | 19-21 | 22-24 | 25-27 || total
---------------------------+-------+-------+-------+-------+-------+-------+-------+-------+-------++-------
  Melee: Unarmed           |    41 |   119 |   241 |   467 |   824 |   731 |  1014 |  1150 |  8418 || 13005
         Punch             |     1 |     2 |     9 |    36 |    37 |       |       |       |       ||    85
         Kick              |       |       |    40 |   123 |   295 |   253 |   324 |   107 |       ||  1142
         Falchion          |       |       |       |     4 |       |       |       |       |       ||     4
         Peck              |       |       |       |       |   143 |   160 |   187 |       |       ||   490
         Bite              |       |       |       |       |       |       |       |       |    67 ||    67
  Throw: Large rock        |       |       |     1 |     7 |    29 |    17 |    68 |     5 |   784 ||   911
         Throwing net      |       |       |       |     3 |       |       |       |       |       ||     3
         Dart              |       |       |       |     1 |       |     1 |       |       |       ||     2
         Boomerang         |       |       |       |     8 |    35 |       |       |       |       ||    43
         Javelin           |       |       |       |       |    18 |    26 |    39 |       |   194 ||   277
   Cast: Apportation       |       |       |       |       |       |       |    81 |     2 |   442 ||   525
         Manifold Assault  |       |       |       |       |       |       |       |    11 |    29 ||    40
         Vhi's Electric Ch |       |       |       |       |       |       |       |     1 |   209 ||   210
         Passage of Golubr |       |       |       |       |       |       |       |       |    41 ||    41
         Lesser Beckoning  |       |       |       |       |       |       |       |       |   368 ||   368
         Blink             |       |       |       |       |       |       |       |       |     5 ||     5
Ability: Begin Untransform |       |       |     1 |     1 |     2 |     1 |       |       |     6 ||    11
         Siphon Essence    |       |       |       |       |       |       |       |       |     2 ||     2
  Evoke: Wand              |       |       |       |     7 |     9 |     7 |       |     1 |    25 ||    49
         Phial of floods   |       |       |       |     1 |       |       |       |       |     5 ||     6
         Phantom mirror    |       |       |       |       |     1 |       |       |       |     8 ||     9
    Use: Potion            |       |       |     2 |       |     2 |       |       |     2 |    40 ||    46
         Scroll            |       |       |       |    17 |    14 |     3 |     3 |     1 |    64 ||   102
   Stab: Sleeping          |       |     2 |       |     1 |     1 |       |     1 |     5 |     2 ||    12
         Held in net/web   |       |       |       |     1 |       |       |       |       |       ||     1
         Confused          |       |       |       |     1 |     1 |     1 |       |     3 |    17 ||    23
         Distracted        |       |       |       |       |     2 |       |     3 |       |     4 ||     9
         Invisible         |       |       |       |       |     1 |       |     1 |     5 |    19 ||    26
         Petrifying        |       |       |       |       |       |     1 |       |       |     3 ||     4
         Petrified         |       |       |       |       |       |       |     4 |     2 |     2 ||     8
         Paralysed         |       |       |       |       |       |       |       |       |     6 ||     6
 Armour: Robe              |    30 |    80 |   142 |   247 |   120 |       |       |       |       ||   619
         Skin              |       |       |       |     3 |       |   332 |  1125 |  1179 |  2112 ||  4751
         Acid dragon scale |       |       |       |       |   139 |       |       |       |       ||   139
         Fire dragon scale |       |       |       |       |   187 |    14 |       |       |       ||   201
         Ice dragon scales |       |       |       |       |       |   187 |       |       |       ||   187
         Gold dragon scale |       |       |       |       |       |       |       |       |  2669 ||  2669
  Dodge: Dodged            |    28 |    66 |   103 |   206 |   258 |   245 |   665 |   854 |  2454 ||  4879
         Repelled          |       |       |       |       |       |       |       |       |    79 ||    79
  Block: Other             |       |       |     1 |    28 |    17 |       |       |       |       ||    46
         Reflection        |       |       |       |     2 |     8 |    39 |    25 |    76 |    27 ||   177
         Kite shield       |       |       |       |       |   137 |   481 |   855 |  1163 |  1524 ||  4160
         Tower shield      |       |       |       |       |       |       |       |       |  5909 ||  5909
   Form: Beast             |     1 |       |     1 |     1 |     1 |       |       |       |       ||     4
         Statue            |       |       |       |       |       |     2 |       |       |     7 ||     9
         Death             |       |       |       |       |       |       |       |       |    15 ||    15
         Dragon            |       |       |       |       |       |       |       |       |     3 ||     3
                           |       |       |       |       |       |       |       |       |     1 ||     1

Table legend: (Time is in decaauts)
 A = Elapsed time spent in this place.
 B = Non-inter-level travel time spent in this place.
 C = Inter-level travel time spent in this place.
 D = Time resting spent in this place.
 E = Time spent auto-exploring this place.
 F = Levels seen in this place.
 G = Mean time per level.
                   A        B        C        D        E       F      G
               +--------+--------+--------+--------+--------+-----+--------+
         Total | 103646 |  94401 |   9245 |   3383 |  49373 | 142 |  729.9 |
       Dungeon |  15753 |  12633 |   3120 |    131 |   9441 |  15 | 1050.2 |
        Temple |     35 |      4 |     31 |      0 |      0 |   1 |   35.0 |
          Lair |   5109 |   4537 |    572 |    143 |   2460 |   5 | 1021.8 |
        Shoals |   4213 |   3982 |    231 |    105 |   2443 |   4 | 1053.2 |
   Spider Nest |   4044 |   3735 |    309 |     55 |   2428 |   4 | 1011.0 |
    Slime Pits |   3902 |   3547 |    355 |     78 |   1905 |   5 |  780.4 |
  Orcish Mines |   1524 |   1277 |    247 |     11 |    647 |   2 |  762.0 |
   Elven Halls |   4242 |   3955 |    287 |    367 |    838 |   3 | 1414.0 |
        Vaults |   8688 |   7906 |    782 |    105 |   5054 |   5 | 1737.6 |
         Crypt |   3967 |   3530 |    437 |      0 |   2514 |   3 | 1322.3 |
          Tomb |   2379 |   2178 |    201 |    106 |    292 |   3 |  793.0 |
        Depths |   8117 |   6494 |   1623 |    185 |   4066 |   4 | 2029.2 |
          Hell |    919 |    754 |    165 |    141 |    208 |   1 |  919.0 |
           Dis |   2746 |   2602 |    144 |    294 |    741 |   7 |  392.3 |
       Gehenna |   2259 |   1985 |    274 |      5 |    832 |   6 |  376.5 |
       Cocytus |   1802 |   1698 |    104 |    328 |      4 |   7 |  257.4 |
      Tartarus |   2715 |   2563 |    152 |      8 |   1760 |   7 |  387.9 |
           Zot |   5396 |   5190 |    206 |    255 |   1814 |   5 | 1079.2 |
         Abyss |   1826 |   1826 |      0 |     77 |    157 |   7 |  260.9 |
   Pandemonium |  20477 |  20477 |      0 |    706 |  11536 |  28 |  731.3 |
      Ziggurat |   1724 |   1724 |      0 |    238 |     28 |  17 |  101.4 |
      Ice Cave |    521 |    521 |      0 |      0 |     73 |   1 |  521.0 |
    Desolation |    846 |    846 |      0 |     12 |      0 |   1 |  846.0 |
      Gauntlet |    431 |    431 |      0 |     26 |    129 |   1 |  431.0 |
               +--------+--------+--------+--------+--------+-----+--------+

Top non-repeatable levels by time:
Depths:2: 2489 daAuts
Depths:4: 2115 daAuts
   Elf:3: 2094 daAuts
Vaults:5: 2044 daAuts
Vaults:1: 1904 daAuts
Depths:1: 1829 daAuts
Vaults:2: 1715 daAuts
   Dis:7: 1700 daAuts
Depths:3: 1683 daAuts
 Crypt:3: 1627 daAuts
Vaults:4: 1578 daAuts
  Lair:5: 1532 daAuts
    D:15: 1520 daAuts
     D:9: 1489 daAuts
Vaults:3: 1444 daAuts
